Workbook

Sheet EXPENDITURE 2022
A1: TANO NORTH MUNICIPAL ASSEMBLY
A2: 2022 COMPOSITE BUDGET ESTIMATES
A3: 2022 IGF BUDGET ESTIMATES
A4: S/N | B4: ITEM DESCRIPTION | C4: LOCATION | D4: 2022 ESTIMATES (GH¢) | E4: SUPPLEMENTARY ESTIMATES | F4: REVISED BUDGET | G4: REMARKS
B5: COMPENSATION
A6: 1 | B6: Monthly Paid & Casual Labour | C6: District wide | D6: 56954.4 | E6: 6480 | F6: =D6+E6 -> 63434.4 | G6: Routine
B7: Sub-Total | D7: =SUM(D6) -> 56954.4 | E7: =SUM(E6) -> 6480 | F7: =D7+E7 -> 63434.4
B8: NATIONAL INSURANCE CONTRIBUTIONS | F8: =D8+E8 -> 0
A9: 2 | B9: 12.5% SSF Contributions (IGF) | C9: District wide | D9: 13200 | E9: 15000 | F9: =D9+E9 -> 28200 | G9: Routine
A10: 3 | B10: Tier 2 Contribution | C10: District wide | D10: 4889.28 | F10: =D10+E10 -> 4889.28 | G10: Routine
B11: Sub-Total | D11: =SUM(D9:D10) -> 18089.28 | E11: =SUM(E9:E10) -> 15000 | F11: =D11+E11 -> 33089.28
B12: OTHER ALLOWANCES | F12: =D12+E12 -> 0
A13: 4 | B13: Transfer Grant/Haulage Claims | C13: District wide | D13: 15000 | E13: 10000 | F13: =D13+E13 -> 25000 | G13: Routine
A14: 5 | B14: Special Allowance/Honorarium (PM's Allowance) | C14: District wide | D14: 3480 | F14: =D14+E14 -> 3480 | G14: Routine
B15: Sub-Total | D15: =SUM(D13:D14) -> 18480 | E15: =SUM(E13:E14) -> 10000 | F15: =D15+E15 -> 28480
B16: Total CFE - IGF | D16: =D7+D11+D15 -> 93523.68 | E16: =E7+E11+E15 -> 31480 | F16: =D16+E16 -> 125003.68
B17: GOODS AND SERVICE | F17: =D17+E17 -> 0
B18: MATERIALS - OFFICE SUPPLIES: | F18: =D18+E18 -> 0
A19: 6 | B19: Procurement of Office supplies and consumables | C19: District wide | D19: 18000 | E19: 40000 | F19: =D19+E19 -> 58000 | G19: Routine
B20: Construction material | D20: 116295.21 | E20: 116295.21 | F20: 116295.21 | G20: Routine
B21: Sub-Total | D21: =SUM(D19) -> 18000 | E21: =SUM(E19:E20) -> 156295.21 | F21: =SUM(F19:F20) -> 174295.21
B22: UTILITIES | F22: =D22+E22 -> 0
A23: 7 | B23: Electricity Charges | C23: District wide | D23: 17000 | E23: 10000 | F23: =D23+E23 -> 27000 | G23: Routine
A24: 8 | B24: Water | C24: District wide | D24: 3000 | E24: 2000 | F24: =D24+E24 -> 5000 | G24: Routine
A25: 9 | B25: Telecommunications | C25: District wide | D25: 6000 | E25: 4000 | F25: =D25+E25 -> 10000 | G25: Routine
A26: 10 | B26: Monthly DSTV Subscription | C26: District wide | D26: 7200 | F26: =D26+E26 -> 7200 | G26: Routine
A27: 11 | B27: Postal Charges | C27: District wide | D27: 3000 | F27: =D27+E27 -> 3000 | G27: Routine
B28: Sub-Total | D28: =SUM(D23:D27) -> 36200 | E28: =SUM(E23:E27) -> 16000 | F28: =D28+E28 -> 52200
B29: GENERAL CLEANING | F29: =D29+E29 -> 0
A30: 12 | B30: Cleaning Materials | C30: District wide | D30: 3000 | E30: 3000 | F30: =D30+E30 -> 6000 | G30: Routine
A31: 13 | B31: Hiring of Labourers for Weeding Public Places | C31: District wide | D31: 3000 | E31: 10000 | F31: =D31+E31 -> 13000 | G31: Routine
B32: Sub-Total | D32: =SUM(D30:D31) -> 6000 | E32: =SUM(E30:E31) -> 13000 | F32: =D32+E32 -> 19000
B33: HOSTING OF OFFICIAL GUEST/PROTOCOL | F33: =D33+E33 -> 0
A34: 14 | B34: Hotel Accommodation | C34: District wide | D34: 4000 | E34: 6000 | F34: =D34+E34 -> 10000 | G34: Routine
A35: 15 | B35: National/Official Days' Celebrations | C35: District wide | D35: 2000 | F35: =D35+E35 -> 2000 | G35: Routine
B36: CANTEEN SERVICES | E36: 10000 | F36: 10000 | G36: Routine
A37: 16 | B37: Refreshment Items | C37: District wide | D37: 14000 | E37: 36000 | F37: =D37+E37 -> 50000 | G37: Routine
B38: Sub-Total | C38: District wide | D38: =SUM(D34:D37) -> 20000 | E38: =SUM(E34:E37) -> 52000 | F38: =D38+E38 -> 72000
B39: TRAVEL & TRANSPORT | C39: District wide | F39: =D39+E39 -> 0
A40: 17 | B40: Maintenance & Repairs - Official Vehicles | C40: District wide | D40: 15000 | F40: =D40+E40 -> 15000 | G40: Routine
A41: 18 | B41: Other Travel & Transportation | C41: District wide | D41: 15000 | E41: 15000 | F41: =D41+E41 -> 30000 | G41: Routine
A42: 19 | B42: Night /Out of station Allowances | C42: District wide | D42: 27000 | E42: 20000 | F42: =D42+E42 -> 47000 | G42: Routine
A43: 20 | B43: Fuel & Lubricants - Official Vehicles(fuel) | C43: District wide | D43: 40000 | E43: 30000 | F43: =D43+E43 -> 70000 | G43: Routine
B44: Fuel & Lubricants - Official Vehicles (local travel cost) | C44: District wide | D44: 70000 | E44: 30000 | F44: =D44+E44 -> 100000 | G44: Routine
B45: Sub-Total | D45: =SUM(D40:D44) -> 167000 | E45: =SUM(E40:E44) -> 95000 | F45: =D45+E45 -> 262000
B46: MAINTENANCE/REPAIR | D46: 0 | F46: =D46+E46 -> 0
A47: 21 | B47: Residential Buildings | C47: District wide | D47: 7000 | F47: =D47+E47 -> 7000 | G47: Routine
A48: 22 | B48: Repairs of Office Buildings | C48: District wide | D48: 7000 | F48: =D48+E48 -> 7000 | G48: Routine
A49: 23 | B49: Furniture & Fixtures | C49: District wide | D49: 4000 | F49: =D49+E49 -> 4000 | G49: Routine
A50: 24 | B50: Maintenance of Streetlights | C50: District wide | D50: 4000 | F50: =D50+E50 -> 4000 | G50: Routine
A51: 25 | B51: Maintenance of Gen. Equipment | C51: District wide | D51: 3000 | F51: =D51+E51 -> 3000 | G51: Routine
B52: Sub-Total | D52: =SUM(D47:D51) -> 25000 | E52: =SUM(E47:E51) -> 0 | F52: =D52+E52 -> 25000
B53: TRAINING, SERMINARS & CONFERENCES | F53: =D53+E53 -> 0
A54: 25 | B54: Capacity Building /Workshops /Staff Development | C54: District wide | D54: 5000 | F54: =D54+E54 -> 5000 | G54: Routine
A55: 26 | B55: Public Fora & Sensitisation / Consultative Meetings | C55: District wide | D55: 7000 | F55: =D55+E55 -> 7000 | G55: Routine
B56: Sub-Total | D56: =SUM(D54:D55) -> 12000 | E56: =SUM(E54:E55) -> 0 | F56: =D56+E56 -> 12000
B57: IMPLEMENTATION OF REVENUE IMPROVEMENT ACTION PLAN | F57: =D57+E57 -> 0
A58: 27 | B58: Value Books | C58: District wide | D58: 10000 | F58: =D58+E58 -> 10000 | G58: Routine
B59: Gazette of FFR | C59: District wide | D59: 7000 | F59: =D59+E59 -> 7000 | G59: Routine
A60: 28 | B60: Commissions (Revenue Collectors) | C60: District wide | D60: 25000 | F60: =D60+E60 -> 25000 | G60: Routine
A61: 29 | B61: Local Travel Cost Revenue Collectors T&T | C61: District wide | D61: 6000 | F61: =D61+E61 -> 6000 | G61: Routine
A62: 30 | B62: Public education, Revenue Task Force activities, Monitoring & Motivation of Collectors and Other RIAP Activities | C62: District wide | D62: 10000 | E62: 15000 | F62: =D62+E62 -> 25000 | G62: Routine
B63: Sub-Total | D63: =SUM(D58:D62) -> 58000 | E63: =SUM(E58:E62) -> 15000 | F63: =D63+E63 -> 73000
B64: SPECIAL SERVICES | F64: =D64+E64 -> 0
A65: 31 | B65: DPCU Activities/meetings | C65: District wide | D65: 4000 | F65: =D65+E65 -> 4000 | G65: Routine
A66: 32 | B66: Project Management/Monitoring | C66: District wide | D66: 4000 | F66: =D66+E66 -> 4000 | G66: Routine
A67: 33 | B67: Servicing of Sub-committee & Assembly Sittings | C67: District wide | D67: 21164 | F67: =D67+E67 -> 21164 | G67: Routine
A68: 34 | B68: Other meetings | C68: District wide | D68: 22219.068 | E68: 30000 | F68: =D68+E68 -> 52219.068 | G68: Routine
B69: Sub-Total | D69: =SUM(D65:D68) -> 51383.068 | E69: =SUM(E65:E68) -> 30000 | F69: =D69+E69 -> 81383.068
B70: DECENTRALISED DEPARTMENTS | F70: =D70+E70 -> 0
A71: 35 | B71: Logistical support to decentralised departments and others | C71: District wide | D71: 64600 | F71: =D71+E71 -> 64600 | G71: Routine
B72: Sub-Total | D72: =SUM(D71) -> 64600 | E72: =SUM(E71) -> 0 | F72: =D72+E72 -> 64600
B73: OTHER CHARGES - FEES | C73: District wide | F73: =D73+E73 -> 0
A74: 36 | B74: Bank Charges | C74: District wide | D74: 300 | F74: =D74+E74 -> 300 | G74: Routine
B75: Sub-Total | D75: =SUM(D74) -> 300 | E75: =SUM(E74) -> 0 | F75: =D75+E75 -> 300
B76: GENERAL EXPENSES | F76: =D76+E76 -> 0
A77: 37 | B77: Donations | C77: District wide | D77: 25000 | E77: 30000 | F77: =D77+E77 -> 55000 | G77: Routine
A78: 38 | B78: Contributions | C78: District wide | D78: 7500 | E78: 5000 | F78: =D78+E78 -> 12500 | G78: Routine
B79: Sub-Total | D79: =SUM(D77:D78) -> 32500 | E79: =SUM(E77:E78) -> 35000 | F79: =D79+E79 -> 67500
B80: COVID-19 ACTIVITIES | C80: District wide | F80: =D80+E80 -> 0
A81: 39 | B81: Logistics support to the fight against COVID-19 | C81: District wide | D81: 2000 | F81: =D81+E81 -> 2000 | G81: Emergency
B82: Sub-Total | D82: =SUM(D81) -> 2000 | E82: =SUM(E81) -> 0 | F82: =D82+E82 -> 2000
B83: Total G&S - IGF | D83: =D82+D79+D75+D72+D69+D63+D56+D52+D45+D38+D32+D28+D21 -> 492983.07 | E83: =E82+E79+E75+E72+E69+E63+E56+E52+E45+E38+E32+E28+E21 -> 412295.21 | F83: =D83+E83 -> 905278.28
B84: IGF CAPITAL EXPENDITURE | D84: 0 | F84: =D84+E84 -> 0
B85: Purchase of 2no. Motor Bikes for Door to Door refuse collection | C85: District wide | D85: 30000 | E85: -30000 | F85: =D85+E85 -> 0 | G85: out
A86: 40 | B86: Purchase of building materials for the construction of classroom block at CAMPSO | C86: District wide | D86: 116295.21 | E86: -116295.21 | G86: out
B87: Total CAPEX - IGF | D87: =SUM(D85:D86) -> 146295.21 | E87: =SUM(E85:E86) -> -146295.21 | F87: =D87+E87 -> 0
B88: TOTAL(IGF) EXPEND. | D88: =D87+D83+D16 -> 732801.96 | E88: =E87+E83+E16 -> 297480 | F88: =F87+F83+F16 -> 1030282
A90: 2022 GROUND RENT / CONCESSION BUDGET
A91: S/N | B91: ITEM DESCRIPTION | C91: LOCATION | D91: 2022 ESTIMATES (GH¢) | E91: Supplementary Estimates | F91: Revised Estimates | G91: REMARKS
A92: S/N | B92: PROJECTS
A93: 1 | B93: Project Management | D93: 10000 | F93: =D93+E93 -> 10000 | G93: Routine
A94: 2 | B94: Construction of 1no. Institutional Latrine (Six Seater KVIP) Bredi and atutdrobesa CHPS Compound | C94: Bredi & Atudrobesa | D94: 100000 | F94: =D94+E94 -> 100000 | G94: NEW
A95: 3 | B95: Construction of 1no. Institutional Latrine (Six Seater KVIP)at Atudrobesa CHPS Compound | C95: Atudrobesa | D95: 100000 | E95: -100000 | F95: =D95+E95 -> 0 | G95: out
A96: 4 | B96: Construction of 1no. Institutional Latrine (Six Seater KVIP) at Subonpang Methodist Basic School | C96: Subonpang Methodist | D96: 100000 | E96: -100000 | F96: =D96+E96 -> 0 | G96: out
B97: Contruction of 1no. 10 seater WC , Drilling and mechanization of 1no.. Borehole at SEKESS | C97: SEKESS | E97: 200000 | F97: =D97+E97 -> 200000 | G97: new
F98: =D98+E98 -> 0
B99: Sub-total | D99: =SUM(D93:D96) -> 310000 | E99: =SUM(E93:E98) -> 0 | F99: =D99+E99 -> 310000
B100: ROLLED OVER PROJECTS - ON-GOING | F100: =D100+E100 -> 0
A101: 4 | B101: Construction of 1No. 2-Unit KG Block with Office, Store & Staff Room, 2 Seater KVIP with Urinal and furniture at Tanoso SDA School | C101: Tanoso | D101: 93996.48 | F101: =D101+E101 -> 93996.48 | G101: Retention
...

Sheet revenue 2022
A1: TANO NORTH MUNICIPAL ASSEMBLY
A2: 2022 COMPOSITE BUDGET
A3: CoA | B3: ITEM | C3: 2022
C4: Estimates | D4: ACTUAL AS AT JULY | E4: Supplementary Estimates | F4: Revised Estimates
A5: 1413000 | B5: RATE
A6: 1413002 | B6: Basic Rate | C6: 1100 | F6: =C6+E6 -> 1100
A7: 1413003 | B7: Special Rates/Unassessed/ | C7: 1100 | D7: 0 | F7: =C7+E7 -> 1100
A8: 1413001 | B8: Property Rate | C8: 246400 | D8: 136419.26 | E8: 122440 | F8: =C8+E8 -> 368840 | G8: 55900 | H8: =G8+E8 -> 178340
B9: Sub-Total | C9: =SUM(C6:C8) -> 248600 | D9: =SUM(D6:D8) -> 136419.26 | E9: =E6+E7+E8 -> 122440 | F9: =C9+E9 -> 371040
A10: 1415000 | B10: RENT | F10: =C10+E10 -> 0
A11: 1415013 | B11: Junior Staff Quarters | C11: 2200 | D11: 480 | E11: 1400 | F11: =C11+E11 -> 3600
A12: 1415031 | B12: Hiring of Facilities (Rent of Assembly Buildings) | C12: 1100 | D12: 0 | F12: =C12+E12 -> 1100
A13: 1415052 | B13: Rental of Stores - Markets/Station Stores | C13: 14850 | D13: 18788 | E13: 20150 | F13: =C13+E13 -> 35000
B14: Sub-Total | C14: =SUM(C11:C13) -> 18150 | D14: =SUM(D11:D13) -> 19268 | E14: =E11+E12+E13 -> 21550 | F14: =C14+E14 -> 39700
A15: 1422000 | B15: LICENSES | F15: =C15+E15 -> 0
A16: 1422001 | B16: Pito/Palm Wine Sellers Tapers | C16: 3850 | D16: 1957 | F16: =C16+E16 -> 3850
A17: 1422005 | B17: Chop Bars Rstaurants/Eating Houses | C17: 2425.892 | D17: 1396 | F17: =C17+E17 -> 2425.892
A18: 1422006 | B18: Corn/Rice/Flour Millers | C18: 1100 | D18: 1175 | E18: 1400 | F18: =C18+E18 -> 2500
A19: 1422009 | B19: Bakeries / Bakers | C19: 1100 | D19: 747 | F19: =C19+E19 -> 1100
A20: 1422010 | B20: Bicylce/Motorbikes Lincense | C20: 4000 | D20: 710 | F20: =C20+E20 -> 4000
A21: 1422011 | B21: Artisans/Self Employed | C21: 8000 | D21: 2800 | F21: =C21+E21 -> 8000
A22: 1422012 | B22: Kiosk/Container Shops | C22: 6600 | D22: 2272 | F22: =C22+E22 -> 6600
A23: 1422013 | B23: Sand & Stone Contractors | C23: 8000 | D23: 0 | F23: =C23+E23 -> 8000
A24: 1422015 | B24: Fuel/LPG Dealers | C24: 5500 | D24: 3536 | E24: 1500 | F24: =C24+E24 -> 7000
A25: 1422016 | B25: Lotto Operators | C25: 1100 | D25: 1567 | E25: 1900 | F25: =C25+E25 -> 3000
A26: 1422017 | B26: Hotels/ Night Clubs/Guest Houses | C26: 3300 | D26: 400 | F26: =C26+E26 -> 3300
A27: 1422018 | B27: Pharmacies/Chemical Sellers | C27: 1650 | D27: 2943 | E27: 3350 | F27: =C27+E27 -> 5000
A28: 1422019 | B28: Sawmills/Table Top Timber Operators | C28: 1100 | D28: 0 | F28: =C28+E28 -> 1100
A29: 1422020 | B29: Taxicab/Commercial Vehicles - Stickers | C29: 2500 | D29: 795 | E29: 17500 | F29: =C29+E29 -> 20000
A30: 1422023 | B30: Comm. /Community Info /Internet Cafe Centres | C30: 1650 | D30: 0 | F30: =C30+E30 -> 1650
A31: 1422029 | B31: Mobile Sale Vans | C31: 1100 | D31: 224 | F31: =C31+E31 -> 1100
A32: 1422030 | B32: Entertaiment Fee | C32: 1100 | D32: 80 | F32: =C32+E32 -> 1100
A33: 1422031 | B33: Wheel Trucks/Motor King/Hand Carts | C33: 110 | D33: 0 | F33: =C33+E33 -> 110
A34: 1422032 | B34: Akpeteshie/Spirit /Beer Sellers | C34: 5500 | D34: 0 | F34: =C34+E34 -> 5500
A35: 1422033 | B35: General Stores | C35: 24200 | D35: 3557 | F35: =C35+E35 -> 24200
A36: 1422038 | B36: Hairdressers & Dressmakers/Tailors | C36: 2750 | D36: 1230 | E36: 2250 | F36: =C36+E36 -> 5000
A37: 1422044 | B37: Financial Institutions | C37: 6050 | D37: 800 | F37: =C37+E37 -> 6050
A38: 1422047 | B38: Photographers & Video Operators | C38: 1100 | D38: 250 | F38: =C38+E38 -> 1100
A39: 1422052 | B39: Mechanics | C39: 1100 | D39: 175 | F39: =C39+E39 -> 1100
A40: 1422054 | B40: Laundries/Car Wash | C40: 1100 | D40: 50 | F40: =C40+E40 -> 1100
A41: 1422055 | B41: Printing Press / Photocopy Services | C41: 1100 | D41: 150 | F41: =C41+E41 -> 1100
A42: 1422057 | B42: Private Schools | C42: 2750 | D42: 540 | F42: =C42+E42 -> 2750
A43: 1422066 | B43: Letter Writters | C43: 220 | D43: 90 | F43: =C43+E43 -> 220
A44: 1422067 | B44: Beer Bars/Wine Sellers | C44: 2750 | D44: 50 | F44: =C44+E44 -> 2750
A45: 1422153 | B45: Business Registration | C45: 24389.997 | D45: 37949.56 | E45: 55610 | F45: =C45+E45 -> 79999.997
A46: 1422154 | B46: sales of building permit jacket | C46: 5000 | D46: 20006.18 | E46: 30000 | F46: =C46+E46 -> 35000
A47: 1422157 | B47: Building Plans / Permits | C47: 55000 | D47: 28104 | F47: =C47+E47 -> 55000
A48: 1422159 | B48: Communication Masts permit | C48: 11000 | D48: 15000 | E48: 19000 | F48: =C48+E48 -> 30000
A49: 1422176 | B49: Cement Dealers | C49: 2200 | D49: 0 | F49: =C49+E49 -> 2200
A50: 1422214 | B50: Susu Operators/Credit Unions | C50: 1100 | D50: 150 | F50: =C50+E50 -> 1100
B51: Sub-Total | C51: =SUM(C16:C50) -> 201495.89 | D51: =SUM(D16:D50) -> 128703.74 | E51: =SUM(E16:E50) -> 132510 | F51: =C51+E51 -> 334005.89
A52: 1423000 | B52: FEES | F52: =C52+E52 -> 0
A53: 1423001 | B53: Market Tolls | C53: 55000 | D53: 25305 | F53: =C53+E53 -> 55000
A54: 1423002 | B54: Livestock/Kraals | C54: 550 | D54: 700 | E54: 850 | F54: =C54+E54 -> 1400
A55: 1423004 | B55: Poultry Fee | C55: 1100 | D55: 0 | F55: =C55+E55 -> 1100
A56: 1423005 | B56: Registration of Contractors | C56: 7700 | D56: 0 | F56: =C56+E56 -> 7700
A57: 1423006 | B57: Burial/Cemetries Fees | C57: 5000 | D57: 3344 | E57: 1000 | F57: =C57+E57 -> 6000
A58: 1423009 | B58: Advertisement/Bill Boards | C58: 2000 | D58: 200 | E58: 3000 | F58: =C58+E58 -> 5000
A59: 1423010 | B59: Exportation of Commodities (e.g. Farm Produce) | C59: 26536.073 | D59: 8104 | F59: =C59+E59 -> 26536.073
A60: 1423011 | B60: Marriage/Divorce Registration | C60: 1650 | D60: 1388 | E60: 13350 | F60: =C60+E60 -> 15000
A61: 1423012 | B61: Public Toilet Operators | C61: 6200 | D61: 475 | F61: =C61+E61 -> 6200
A62: 1423014 | B62: Dislodgement fees | C62: 220 | D62: 520 | E62: 780 | F62: =C62+E62 -> 1000
A63: 1423018 | B63: Loading/Lorry Parks Fees | C63: 30000 | D63: 9515 | F63: =C63+E63 -> 30000
A64: 1423090 | B64: Gaming/Jackpot Fee | C64: 2200 | D64: 1183 | F64: =C64+E64 -> 2200
A65: 1423243 | B65: Hawkers | C65: 5500 | D65: 3723 | E65: 1500 | F65: =C65+E65 -> 7000
A66: 1423527 | B66: Sale of Tender Documents | C66: 5500 | D66: 4550 | E66: 500 | F66: =C66+E66 -> 6000
A67: 1423506 | B67: Slaughter House | C67: 1100 | D67: 638 | F67: =C67+E67 -> 1100
B68: Sub-Total | C68: =SUM(C53:C67) -> 150256.07 | D68: =SUM(D53:D67) -> 59645 | E68: =SUM(E53:E67) -> 20980 | F68: =C68+E68 -> 171236.07
A69: 1430000 | B69: FINES, PENALTIES AND FORFEITS | F69: =C69+E69 -> 0
A70: 1430001 | B70: Court Fines | C70: 2100 | F70: =C70+E70 -> 2100
A71: 1430005 | B71: Miscellaneous Fines, Panelties (Sanitation etc) | C71: 8000 | D71: 60 | F71: =C71+E71 -> 8000
A72: 1430015 | B72: Fines for Tree Felling - Lumber Charges | C72: 2100 | D72: 0 | F72: =C72+E72 -> 2100
A73: 1430016 | B73: Spot Fines | C73: 2100 | D73: 50 | F73: =C73+E73 -> 2100
B74: Sub-Total | C74: =SUM(C70:C73) -> 14300 | D74: =SUM(D70:D73) -> 110 | F74: =C74+E74 -> 14300
B75: LANDS &ROYALTIES | F75: =C75+E75 -> 0
A76: 1412002 | B76: Concession/Ground Rent | C76: 403996.48 | D76: 303753.04 | F76: =C76+E76 -> 403996.48
A77: 1412003 | B77: Stool Lands Revenue | C77: 100000 | D77: 0 | F77: =C77+E77 -> 100000
C78: =SUM(C76:C77) -> 503996.48 | D78: 303753.04 | F78: =C78+E78 -> 503996.48
B79: TOTAL INTERNALLY GENERATED FUND | C79: =C78+C74+C68+C51+C9+C14 -> 1136798.4 | D79: =D78+D74+D68+D51+D14+D9 -> 647899.04 | E79: =E78+E74+E68+E51+E14+E9 -> 297480 | F79: =F9+F14+F51+F68+F74+F78 -> 1434278.4 | H79: 297480 | I79: =H79-E79 -> 0
F80: =C80+E80 -> 0
B81: GRANTS | F81: =C81+E81 -> 0 | I81: 4079683.3
A82: 1331001 | B82: GOG CEILING FOR COMPENSATION (ESTABLISHED POST) | C82: 4165872.1 | F82: =C82+E82 -> 4165872.1
A83: 1331002 | B83: DACF | C83: 4079683.3 | F83: =C83+E83 -> 4079683.3
B84: PWD | C84: 126175.76 | E84: 118605 | F84: =C84+E84 -> 244780.76
A85: 1331003 | B85: DACF -MP | C85: 585000 | F85: =C85+E85 -> 585000 | G85: =F83+F84+F85 -> 4909464 | H85: =F83+C84+F85 -> 4790859 | I85: =G85-H85 -> 118605
A86: 1331008 | B86: DONOR TRANSFERS FOR AGRIC - MAG | C86: 47541.33 | F86: =C86+E86 -> 47541.33
A87: 1331009 | B87: GOODS AND SERVICES -DECENTRALISED DEPAERTMENT | C87: 116098 | F87: =C87+E87 -> 116098
A88: 1331010 | B88: CAPACITY BUILDING GRANT | C88: 45859 | F88: =C88+E88 -> 45859
A89: 1331011 | B89: DISTRICT DEVELOPMENT FACILITY | C89: 1856669.9 | F89: 1842893.9 | G89: 13776 | H89: =F89-G89 -> 1829117.9
A90: 1331013 | B90: SECTOR SPECIFIC ASSEST TRANSFER DECENTRALISED DEPT | C90: 25180 | F90: =C90+E90 -> 25180
A91: 1311024 | B91: UNICEF-ISS SUPPORT FOR SW&CD | C91: 25000 | F91: =C91+E91 -> 25000 | G91: 13159
B92: TOTAL GRANTS | C92: =SUM(C82:C91) -> 11073079 | E92: =SUM(E82:E91) -> 118605 | F92: =SUM(F82:F91) -> 11177908
F93: =C93+E93 -> 0
B94: GRAND TOTAL | C94: =C92+C79 -> 12209878 | F94: =F92+F79 -> 12612187

Sheet Sheet1
A1: Funds Available ( GHS ): Account | C1: Funds Available ( GHS ): Budget | D1: Funds Available ( GHS ): Encumbrance | E1: Funds Available ( GHS ): Actual | F1: Funds Available ( GHS ): Funds Available
A2: 308.12200.70111.3080101001.410101.00000000.0000000.910805.1306001.000000.0000.2210709 | C2: 0 | D2: 0 | E2: 0 | F2: 0
A3: 308.12200.70111.3080101001.410101.92001001.0000000.910101.1303001.000000.0000.2210511 | C3: 0 | D3: 0 | E3: 51812 | F3: -51812
A4: 308.12200.70111.3080101001.410101.92001001.0000000.910101.1306001.000000.0000.2210101 | C4: 0 | D4: 0 | E4: 15853.3 | F4: -15853.3
A5: 308.12200.70111.3080101001.410101.92001001.0000000.910101.1306001.000000.0000.2210103 | C5: 0 | D5: 0 | E5: 24009.67 | F5: -24009.67
A6: 308.12200.70111.3080101001.410101.92001001.0000000.910101.1306001.000000.0000.2210122 | C6: 0 | D6: 0 | E6: 3600 | F6: -3600
A7: 308.12200.70111.3080101001.410101.92001001.0000000.910101.1306001.000000.0000.2210201 | C7: 0 | D7: 0 | E7: 10360 | F7: -10360
A8: 308.12200.70111.3080101001.410101.92001001.0000000.910101.1306001.000000.0000.2210203 | C8: 0 | D8: 0 | E8: 9610 | F8: -9610
A9: 308.12200.70111.3080101001.410101.92001001.0000000.910101.1306001.000000.0000.2210204 | C9: 0 | D9: 0 | E9: 740 | F9: -740
A10: 308.12200.70111.3080101001.410101.92001001.0000000.910101.1306001.000000.0000.2210301 | C10: 0 | D10: 0 | E10: 1527.6 | F10: -1527.6
A11: 308.12200.70111.3080101001.410101.92001001.0000000.910101.1306001.000000.0000.2210404 | C11: 0 | D11: 0 | E11: 2400 | F11: -2400
A12: 308.12200.70111.3080101001.410101.92001001.0000000.910101.1306001.000000.0000.2210502 | B12: 15000 | C12: 30000 | D12: 500 | E12: 6426.76 | F12: 23073.24
A13: 308.12200.70111.3080101001.410101.92001001.0000000.910101.1306001.000000.0000.2210505 | B13: 40000 | C13: 80000 | D13: 0 | E13: 41442 | F13: 38558
A14: 308.12200.70111.3080101001.410101.92001001.0000000.910101.1306001.000000.0000.2210509 | B14: 15000 | C14: 30000 | D14: 0 | E14: 10323 | F14: 19677
A15: 308.12200.70111.3080101001.410101.92001001.0000000.910101.1306001.000000.0000.2210510 | B15: 27000 | C15: 54000 | D15: 0 | E15: 10722 | F15: 43278
A16: 308.12200.70111.3080101001.410101.92001001.0000000.910101.1306001.000000.0000.2210511 | B16: 70000 | C16: 140000 | D16: 0 | E16: 4750 | F16: 135250
A17: 308.12200.70111.3080101001.410101.92001001.0000000.910101.1306001.000000.0000.2210602 | B17: 7000 | C17: 14000 | D17: 0 | E17: 998.4 | F17: 13001.6
A18: 308.12200.70111.3080101001.410101.92001001.0000000.910101.1306001.000000.0000.2210603 | B18: 7000 | C18: 14000 | D18: 0 | E18: 0 | F18: 14000
A19: 308.12200.70111.3080101001.410101.92001001.0000000.910101.1306001.000000.0000.2210604 | B19: 4000 | C19: 8000 | D19: 0 | E19: 0 | F19: 8000
A20: 308.12200.70111.3080101001.410101.92001001.0000000.910101.1306001.000000.0000.2210606 | B20: 3000 | C20: 6000 | D20: 0 | E20: 0 | F20: 6000
A21: 308.12200.70111.3080101001.410101.92001001.0000000.910101.1306001.000000.0000.2210617 | B21: 4000 | C21: 8000 | D21: 0 | E21: 0 | F21: 8000
A22: 308.12200.70111.3080101001.410101.92001001.0000000.910101.1306001.000000.0000.2210709 | C22: 0 | D22: 0 | E22: 21112 | F22: -21112
A23: 308.12200.70111.3080101001.410101.92001001.0000000.910101.1306001.000000.0000.2210711 | C23: 0 | D23: 0 | E23: 12640 | F23: -12640
A24: 308.12200.70111.3080101001.410101.92001001.0000000.910101.1306001.000000.0000.2210806 | C24: 0 | D24: 0 | E24: 4646.6 | F24: -4646.6
A25: 308.12200.70111.3080101001.410101.92001001.0000000.910101.1306001.000000.0000.2211101 | C25: 600 | D25: 0 | E25: 0 | F25: 600
A26: 308.12200.70111.3080101001.410101.92001001.0000000.910803.1306001.000000.0000.2210103 | C26: 28000 | D26: 0 | E26: 0 | F26: 28000
A27: 308.12200.70111.3080101001.410101.92001001.0000000.910803.1306001.000000.0000.2210404 | C27: 8000 | D27: 0 | E27: 0 | F27: 8000
A28: 308.12200.70111.3080101001.410101.92001001.0000000.910803.1306001.000000.0000.2210902 | C28: 4000 | D28: 0 | E28: 0 | F28: 4000
A29: 308.12200.70111.3080101001.410101.92001004.0000000.910104.1306001.000000.0000.2210711 | C29: 14000 | D29: 0 | E29: 0 | F29: 14000
A30: 308.12200.70111.3080101001.410101.92001004.0000000.910805.1306001.000000.0000.2210511 | C30: 8000 | D30: 0 | E30: 0 | F30: 8000
A31: 308.12200.70111.3080101001.410101.92001004.0000000.910805.1306001.000000.0000.2210709 | C31: 52438.14 | D31: 0 | E31: 0 | F31: 52438.14
A32: 308.12200.70111.3080101001.410101.92001005.0000000.910804.1306001.000000.0000.2210905 | C32: 42328 | D32: 0 | E32: 0 | F32: 42328
A33: 308.12200.70111.3080101001.410201.92001001.0000000.910101.1306001.000000.0000.2210201 | C33: 34000 | D33: 0 | E33: 0 | F33: 34000
... A61: 308.12200.71040.3080802001.620101.92002005.0000000.910601.1306001.000000.0000.2210509 | C61: 4000 | D61: 0 | E61: 0 | F61: 4000

Sheet Sheet2
A1: COMPENSATION FOR EMPLOYEES-GOG
A2: S/N | B2: ITEM DESCRIPTION | C2: LOCATION | D2: 2022 ESTIMATES (GH¢) | G2: REMARKS
A3: 1 | B3: CENTRAL ADMI. | C3: CENTRAL ADM | D3: 940413.72 | F3: =D3+E3 -> 940413.72 | G3: Routine
A4: 2 | B4: FINANCE | C4: FINAN | D4: 518308.44 | F4: =D4+E4 -> 518308.44 | G4: Routine
A5: 3 | B5: HRD | C5: H | D5: 73611.48 | F5: =D5+E5 -> 73611.48 | G5: Routine
A6: 4 | B6: STATS | C6: STA | D6: 73604.64 | F6: =D6+E6 -> 73604.64 | G6: Routine
A7: 5 | B7: PLANNING & BUDGET | C7: G BUDGI | D7: 432801.72 | F7: =D7+E7 -> 432801.72 | G7: Routine
A8: 6 | B8: ENVIRONMENTAL HEALTH | C8: MEHO | D8: 768329.52 | F8: =D8+E8 -> 768329.52 | G8: Routine
A9: 7 | B9: MADU | C9: WORKS | D9: 473937.6 | F9: =D9+E9 -> 473937.6 | G9: Routine
A10: 8 | B10: T&CPD | C10: WORKS | D10: 71159.28 | F10: =D10+E10 -> 71159.28 | G10: Routine
A11: 9 | B11: SW&CD | C11: WORKS | D11: 213335.88 | F11: =D11+E11 -> 213335.88 | G11: Routine
A12: 10 | B12: MWD | C12: WORKS | D12: 566954.4 | F12: =D12+E12 -> 566954.4 | G12: Routine
A13: 11 | B13: MURBRD | C13: MURB | D13: 33415.38 | F13: =D13+E13 -> 33415.38 | G13: Routine
B14: Total | D14: =SUM(D3:D13) -> 4165872.1 | F14: =D14+E14 -> 4165872.1 | H14: 4165872.1
A15: GOODS AND SERVICES- GOG | F15: =D15+E15 -> 0
B16: Central Administration | F16: =D16+E16 -> 0
A17: 12 | B17: Fight Against COVID-19 | C17: District Wide | D17: 10000 | F17: =D17+E17 -> 10000 | G17: Routine
B18: Renovation of municipal budget analyst bungalow | C18: MBA | D18: 7000 | F18: =D18+E18 -> 7000 | G18: Capex
B19: procurement of Office computers and accessories | C19: CENTRAL ADM | D19: 18180 | F19: =D19+E19 -> 18180
B20: Total | D20: 35180 | F20: =D20+E20 -> 35180
B21: Agric | F21: =D21+E21 -> 0
A22: 13 | B22: Conduct Field Visits and Supervision Exercises | C22: District Wide | D22: 200 | F22: =D22+E22 -> 200 | G22: Routine
A23: 14 | B23: Establish Demonstration Farms for AgricTech Dissermination purposes | C23: District Wide | D23: 5000 | F23: =D23+E23 -> 5000 | G23: Routine
A24: 15 | B24: Organised Zonal/RELC/Technical Meetings | C24: District Wide | D24: 2000 | F24: =D24+E24 -> 2000 | G24: Routine
A25: 16 | B25: Undertake various Sensitization/Awareness Creation/Training Programmes | C25: District Wide | D25: 7300 | F25: =D25+E25 -> 7300 | G25: Routine
A26: 17 | B26: Maintenance/Running of Official Vehicless | C26: District Wide | D26: 7000 | F26: =D26+E26 -> 7000 | G26: Routine
A27: 18 | B27: Logistics for Mun. Agric Dev't Unit Operations | C27: District Wide | D27: 5252 | F27: =D27+E27 -> 5252 | G27: Routine
A28: 19 | B28: Activities geared towards the Implementation of the Gov't Flagship Projects/Programmes in Agric | C28: District Wide | D28: 1800 | F28: =D28+E28 -> 1800 | G28: Routine
A29: 20 | B29: Support Veterinary Services in the Municipality | C29: District Wide | D29: 400 | F29: =D29+E29 -> 400 | G29: Routine
A30: 21 | B30: Conduct Market Surveys in food prices among others | C30: District Wide | D30: 1000 | F30: =D30+E30 -> 1000 | G30: Routine
A31: 22 | B31: Disease Control in Plants | C31: District Wide | D31: 550 | F31: =D31+E31 -> 550 | G31: Routine
F32: =D32+E32 -> 0
B33: Sub-Total | D33: =SUM(D22:D32) -> 30502 | F33: =D33+E33 -> 30502
B34: Town & Country Planning | F34: =D34+E34 -> 0
A35: 23 | B35: Procurement of 2No. HP Desktop Computer with Accessories | C35: District Wide | D35: 4000 | F35: =D35+E35 -> 4000 | G35: New
A36: 24 | B36: Procurement of 1No. Executive Office Table and Swivel Chair | C36: District Wide | D36: 3500 | F36: =D36+E36 -> 3500 | G36: New
A37: 25 | B37: Bi-weekly site inspections to monitor physical developments | C37: District Wide | D37: 2000 | F37: =D37+E37 -> 2000 | G37: Routine
A38: 26 | B38: Procurement of 3no. 25x25 length Ariel Photographs (auto photos) of 3 Communities (Tanoso, Terchire and Bomaa) | C38: District Wide | D38: 3782 | F38: =D38+E38 -> 3782 | G38: New
F39: =D39+E39 -> 0
B40: Sub-Total | D40: =SUM(D35:D39) -> 13282 | F40: =D40+E40 -> 13282
B41: Social Welfare and Community Development | F41: =D41+E41 -> 0
A42: 27 | B42: Logistics for the implementation of Justice and Administration Programmes | C42: District Wide | D42: 4650 | F42: =D42+E42 -> 4650 | G42: Routine
A43: 28 | B43: Logistics for the implementation of Child Labour Programmes | C43: District Wide | D43: 2650 | F43: =D43+E43 -> 2650 | G43: Routine
A44: 29 | B44: Logistics to support the implementation of Persons with Disability Programmes | C44: District Wide | D44: 2482 | F44: =D44+E44 -> 2482 | G44: Routine
A45: 30 | B45: Logistics for the implementation of Programmes for the Aged | C45: District Wide | D45: 2525 | F45: =D45+E45 -> 2525 | G45: Routine
A46: 31 | B46: Logistics to support Gender Activities | C46: District Wide | D46: 2650 | F46: =D46+E46 -> 2650 | G46: Routine
A47: 32 | B47: Administrative Support for LEAP Implementation | C47: District Wide | D47: 2435 | F47: =D47+E47 -> 2435 | G47: Routine
F48: =D48+E48 -> 0
B49: Sub-Total | D49: =SUM(D42:D48) -> 17392 | F49: =D49+E49 -> 17392
B50: WORKS DEPARTMENT - Urban Roads | F50: =D50+E50 -> 0
A51: 33 | B51: Administrative Support - Purchase of Stationery for the operations of the Department | C51: District Wide | D51: 8222 | F51: =D51+E51 -> 8222 | G51: Routine
A52: 34 | B52: Purchase of 1no. Swivel Chair | C52: District Wide | D52: 1820 | F52: =D52+E52 -> 1820 | G52: New
A53: 35 | B53: Purchase of Canon Photocopier machine | C53: District Wide | D53: 7880 | F53: =D53+E53 -> 7880 | G53: New
B54: Sub-Total | D54: =SUM(D51:D53) -> 17922 | F54: =D54+E54 -> 17922
B55: STATISTICS DEPARTMENT | F55: =D55+E55 -> 0
A56: 36 | B56: Refurbishment of the Department | C56: District Wide | D56: 4763 | F56: =D56+E56 -> 4763 | G56: New
A57: 37 | B57: Purchase of 1No. laptop computer | C57: District Wide | D57: 4000 | F57: =D57+E57 -> 4000 | G57: New
A58: 38 | B58: Enumeration of rateable properties | C58: District Wide | D58: 4737 | F58: =D58+E58 -> 4737 | G58: Routine
B59: Sub-Total | D59: =SUM(D56:D58) -> 13500 | F59: =D59+E59 -> 13500
B60: HUMAN RESOURCE DEPARTMENT | F60: =D60+E60 -> 0
A61: 39 | B61: Administrative Support - Purchase of Stationery for the operations of the Department | C61: District Wide | D61: 4000 | F61: =D61+E61 -> 4000 | G61: Routine
A62: 40 | B62: Local travel cost | C62: District Wide | D62: 4500 | F62: =D62+E62 -> 4500 | G62: Routine
A63: 41 | B63: Seminars and coferences | C63: District Wide | D63: 5000 | F63: =D63+E63 -> 5000 | G63: Routine
B64: Sub-Total | D64: =SUM(D61:D63) -> 13500 | F64: =D64+E64 -> 13500
B65: Total GOG G&S Budget | D65: =D54+D49+D40+D33+D59+D64+D20 -> 141278 | F65: =D65+E65 -> 141278 | H65: 141278
B66: TOTAL GOG BUDGET | D66: =D65+D14 -> 4307150.1 | F66: =D66+E66 -> 4307150.1
F67: =D67+E67 -> 0
B68: 2022 DACF ASSEMBLY BUDGET
A69: S/N | B69: ITEM DESCRIPTION | C69: LOCATION | D69: 2022 ESTIMATES (GH¢) | E69: supplementary estimates | F69: revised estimates | G69: REMARKS
B70: Recurrent Expenditure
A71: 1 | B71: Procurement Planning and Management | C71: Municipal Administration | D71: 15000 | E71: 15000 | F71: =D71+E71 -> 30000 | G71: Routine | H71: 25000
A72: 2 | B72: Internal Audit and Audit Report Implementation Committee Activities | C72: Municipal Administration | D72: 20000 | F72: =D72+E72 -> 20000 | G72: Routine
A73: 3 | B73: Manpower Skills Development (Capacity Building) | C73: Municipal Administration | D73: 75000 | E73: 5000 | F73: =D73+E73 -> 80000 | G73: Routine | H73: 25000
A74: 4 | B74: Implementation of National Anti Corruption Campaign Activities in the Municipality | C74: District Wide | D74: 10000 | F74: =D74+E74 -> 10000 | G74: Routine
A75: 5 | B75: Support DPCU Activities | C75: Municipal Administration | D75: 30000 | E75: -10000 | F75: =D75+E75 -> 20000 | G75: Routine
A76: 6 | B76: Municipal MTDP / AAPs Reviews and others | C76: Municipal Administration | D76: 30000 | E76: -10000 | F76: =D76+E76 -> 20000 | G76: Routine
A77: 7 | B77: T&T Expenses - (Fuel/running cost) for Monitoring & Evaluation | C77: Municipal Administration | D77: 35585.88 | F77: =D77+E77 -> 35585.88 | G77: Routine
A78: 8 | B78: Maintenance and Repairs of Official Monitoring vehicles | C78: Municipal Administration | D78: 55000 | E78: 10000 | F78: =D78+E78 -> 65000 | G78: Routine | H78: 20000
A79: 9 | B79: Servicing of Sub-Committee/Assembly meetings | C79: Municipal Administration | D79: 50000 | F79: =D79+E79 -> 50000 | G79: Routine
A80: 10 | B80: Contributions to RCC Support Projects/Others | C80: Municipal Administration | D80: 20000 | F80: =D80+E80 -> 20000 | G80: Routine
A81: 11 | B81: Preparation/Implementation of Annual Composite Programme Based Budget | C81: Municipal Administration | D81: 30000 | F81: =D81+E81 -> 30000 | G81: Routine
A82: 12 | B82: NALAG Contributions and others | C82: Municipal Administration | D82: 10000 | F82: =D82+E82 -> 10000 | G82: Routine
A83: 13 | B83: Hosting of official guest | C83: Municipal Administration | D83: 30000 | F83: =D83+E83 -> 30000 | G83: Routine | H83: 30000
A84: 14 | B84: Implementation of GIFMIS | C84: Municipal Administration | D84: 20000 | E84: -10000 | F84: =D84+E84 -> 10000 | G84: Routine
B85: Sub-Total | D85: =SUM(D71:D84) -> 430585.88 | E85: =SUM(E71:E84) -> 0 | F85: =SUM(F71:F84) -> 430585.88
B86: Infrastructure | F86: =D86+E86 -> 0
A87: 15 | B87: Purchase of Construction Materials for the Rehabilitation of Municipal Office Block | C87: Municipal Administration | D87: 50000 | F87: =D87+E87 -> 50000 | G87: On-going
A88: 16 | B88: Procuremet of buiding materials for the construction of Assembly's warehouse | C88: Municipal Administration | D88: 40000 | E88: -20000 | F88: =D88+E88 -> 20000 | G88: New
A89: 17 | B89: Construction of Security post with Washroom at the MCD Residence | C89: Municipal Administration | D89: 20000 | F89: =D89+E89 -> 20000 | G89: New
A90: 18 | B90: Petitioning of Office Block and Minor Rehabilitation Work at the Old Assembly Building | C90: Municipal Administration | D90: 20000 | F90: =D90+E90 -> 20000 | G90: New
A91: 19 | B91: Maintenance of Residential & Office Accomodation and existing market facilities | C91: Municipal Administration | D91: 70000 | F91: =D91+E91 -> 70000 | G91: Routine
A92: 20 | B92: Purchase of Computers and Accessories | C92: Municipal Administration | D92: 20000 | F92: =D92+E92 -> 20000 | G92: New
A93: 21 | B93: Acquisition of Land Title Deeds of Assembly Landed Properties | C93: Municipal Administration | D93: 25000 | E93: -15000 | F93: =D93+E93 -> 10000 | G93: New
A94: 22 | B94: Furnishing of Assembly hall | C94: Municipal Administration | D94: 75000 | E94: 35000 | F94: =D94+E94 -> 110000 | G94: New
A95: 23 | B95: Construction of Office Complex Block for the Municipal Assembly - Phase I | C95: Municipal Administration | D95: 100585.88 | E95: -100585.88 | F95: =D95+E95 -> 0 | G95: New
B96: Sub-Total | D96: =SUM(D87:D95) -> 420585.88 | E96: =SUM(E87:E95) -> -100585.88 | F96: =SUM(F87:F95) -> 320000
B97: Others | F97: =D97+E97 -> 0
A98: 24 | B98: Completion of bomaa Area Council Office Block | C98: Bomaa | D98: 23823.6 | F98: =D98+E98 -> 23823.6 | G98: On-going
A99: 25 | B99: Logistics support to Sub-Structures | C99: District Wide | D99: 60293.576 | F99: =D99+E99 -> 60293.576 | G99: Routine
B100: Sub-Total | D100: =SUM(D98:D99) -> 84117.176 | F100: =D100+E100 -> 84117.176
...

Sheet IGF
A1: TANO NORTH MUNICIPAL ASSEMBLY
A2: 2022 COMPOSITE BUDGET ESTIMATES
A3: 2022 IGF BUDGET ESTIMATES
A4: S/N | B4: ITEM DESCRIPTION | C4: LOCATION | D4: 2022 ESTIMATES (GH¢) | E4: supplementary estimates | F4: Revised | G4: REMARKS
B5: COMPENSATION
A6: 1 | B6: Monthly Paid & Casual Labour | C6: District wide | D6: 56954.4 | E6: 6480 | F6: =D6+E6 -> 63434.4 | G6: Routine | H6: P1S1 | I6: CFE
B7: Sub-Total | D7: =SUM(D6) -> 56954.4 | E7: =SUM(E6) -> 6480 | F7: =D7+E7 -> 63434.4
B8: NATIONAL INSURANCE CONTRIBUTIONS | F8: =D8+E8 -> 0
A9: 2 | B9: 12.5% SSF Contributions (IGF) | C9: District wide | D9: 13200 | E9: 15000 | F9: =D9+E9 -> 28200 | G9: Routine | H9: P1S1 | I9: CFE
A10: 3 | B10: Tier 2 Contribution | C10: District wide | D10: 4889.28 | F10: =D10+E10 -> 4889.28 | G10: Routine | H10: P1S1 | I10: CFE
B11: Sub-Total | D11: =SUM(D9:D10) -> 18089.28 | E11: =SUM(E9:E10) -> 15000 | F11: =D11+E11 -> 33089.28
B12: OTHER ALLOWANCES | F12: =D12+E12 -> 0
A13: 4 | B13: Transfer Grant/Haulage Claims | C13: District wide | D13: 15000 | E13: 10000 | F13: =D13+E13 -> 25000 | G13: Routine | H13: P1S1 | I13: CFE
A14: 5 | B14: Special Allowance/Honorarium (PM's Allowance) | C14: District wide | D14: 3480 | F14: =D14+E14 -> 3480 | G14: Routine | H14: P1S1 | I14: CFE
B15: Sub-Total | D15: =SUM(D13:D14) -> 18480 | E15: =SUM(E13:E14) -> 10000 | F15: =D15+E15 -> 28480
B16: Total CFE - IGF | D16: =D7+D11+D15 -> 93523.68 | E16: =E7+E11+E15 -> 31480 | F16: =D16+E16 -> 125003.68
B17: GOODS AND SERVICE | F17: =D17+E17 -> 0
B18: MATERIALS - OFFICE SUPPLIES: | F18: =D18+E18 -> 0
A19: 6 | B19: Procurement of Office supplies and consumables | C19: District wide | D19: 18000 | E19: 10000 | F19: =D19+E19 -> 28000 | G19: Routine | H19: P1S1 | I19: G&S
B20: Sub-Total | D20: =SUM(D19) -> 18000 | E20: =SUM(E19) -> 10000 | F20: =D20+E20 -> 28000
B21: UTILITIES | F21: =D21+E21 -> 0
A22: 7 | B22: Electricity Charges | C22: District wide | D22: 17000 | E22: 10000 | F22: =D22+E22 -> 27000 | G22: Routine | H22: P1S1 | I22: G&S
A23: 8 | B23: Water | C23: District wide | D23: 3000 | E23: 2000 | F23: =D23+E23 -> 5000 | G23: Routine | H23: P1S1 | I23: G&S
A24: 9 | B24: Telecommunications | C24: District wide | D24: 6000 | E24: 4000 | F24: =D24+E24 -> 10000 | G24: Routine | H24: P1S1 | I24: G&S
A25: 10 | B25: Monthly DSTV Subscription | C25: District wide | D25: 7200 | F25: =D25+E25 -> 7200 | H25: P1S1 | I25: G&S
A26: 11 | B26: Postal Charges | C26: District wide | D26: 3000 | F26: =D26+E26 -> 3000 | G26: Routine | H26: P1S1 | I26: G&S
B27: Sub-Total | D27: =SUM(D22:D26) -> 36200 | E27: =SUM(E22:E26) -> 16000 | F27: =D27+E27 -> 52200
B28: GENERAL CLEANING | F28: =D28+E28 -> 0
A29: 12 | B29: Cleaning Materials | C29: District wide | D29: 3000 | E29: 3000 | F29: =D29+E29 -> 6000 | G29: Routine | H29: P2S5 | I29: G&S
A30: 13 | B30: Hiring of Labourers for Weeding Public Places | C30: District wide | D30: 3000 | E30: 10000 | F30: =D30+E30 -> 13000 | G30: Routine | H30: P2S5 | I30: G&S
B31: Sub-Total | D31: =SUM(D29:D30) -> 6000 | E31: =SUM(E29:E30) -> 13000 | F31: =D31+E31 -> 19000
B32: HOSTING OF OFFICIAL GUEST/PROTOCOL | F32: =D32+E32 -> 0
A33: 14 | B33: Hotel Accommodation | C33: District wide | D33: 4000 | E33: 6000 | F33: =D33+E33 -> 10000 | G33: Routine | H33: P1S1 | I33: G&S
A34: 15 | B34: National/Official Days' Celebrations | C34: District wide | D34: 2000 | F34: =D34+E34 -> 2000 | G34: Routine | H34: P1S1 | I34: G&S
B35: CANTEEN SERVICES | E35: 10000 | F35: 10000 | G35: Routine
A36: 16 | B36: Refreshment Items | C36: District wide | D36: 14000 | E36: 36000 | F36: =D36+E36 -> 50000 | G36: Routine | H36: P1S1 | I36: G&S
B37: Sub-Total | C37: District wide | D37: =SUM(D33:D36) -> 20000 | E37: =SUM(E33:E36) -> 52000 | F37: =D37+E37 -> 72000
B38: TRAVEL & TRANSPORT | C38: District wide | F38: =D38+E38 -> 0
A39: 17 | B39: Maintenance & Repairs - Official Vehicles | C39: District wide | D39: 15000 | F39: =D39+E39 -> 15000 | G39: Routine | H39: P1S1 | I39: G&S
A40: 18 | B40: Other Travel & Transportation | C40: District wide | D40: 15000 | E40: 15000 | F40: =D40+E40 -> 30000 | G40: Routine | H40: P1S1 | I40: G&S
A41: 19 | B41: Night /Out of station Allowances | C41: District wide | D41: 27000 | E41: 20000 | F41: =D41+E41 -> 47000 | G41: Routine | H41: P1S1 | I41: G&S
A42: 20 | B42: Fuel & Lubricants - Official Vehicles(fuel) | C42: District wide | D42: 40000 | E42: 30000 | F42: =D42+E42 -> 70000 | G42: Routine | H42: P1S1 | I42: G&S
B43: Fuel & Lubricants - Official Vehicles (local travel cost) | C43: District wide | D43: 70000 | E43: 30000 | F43: =D43+E43 -> 100000 | H43: P1S1 | I43: G&S
B44: Sub-Total | D44: =SUM(D39:D43) -> 167000 | E44: =SUM(E39:E43) -> 95000 | F44: =D44+E44 -> 262000
B45: MAINTENANCE/REPAIR | D45: 0 | F45: =D45+E45 -> 0
A46: 21 | B46: Residential Buildings | C46: District wide | D46: 7000 | F46: =D46+E46 -> 7000 | G46: Routine | H46: P3S2 | I46: G&S
A47: 22 | B47: Repairs of Office Buildings | C47: District wide | D47: 7000 | F47: =D47+E47 -> 7000 | G47: Routine | H47: P3S2 | I47: G&S
A48: 23 | B48: Furniture & Fixtures | C48: District wide | D48: 4000 | F48: =D48+E48 -> 4000 | G48: Routine | H48: P3S2 | I48: G&S
A49: 24 | B49: Maintenance of Streetlights | C49: District wide | D49: 4000 | F49: =D49+E49 -> 4000 | G49: Routine | H49: P3S2 | I49: G&S
A50: 25 | B50: Maintenance of Gen. Equipment | C50: District wide | D50: 3000 | F50: =D50+E50 -> 3000 | G50: Routine | H50: P3S2 | I50: G&S
B51: Sub-Total | D51: =SUM(D46:D50) -> 25000 | E51: =SUM(E46:E50) -> 0 | F51: =D51+E51 -> 25000
B52: TRAINING, SERMINARS & CONFERENCES | F52: =D52+E52 -> 0
A53: 25 | B53: Capacity Building /Workshops /Staff Development | C53: District wide | D53: 5000 | F53: =D53+E53 -> 5000 | G53: Routine | H53: P1S3 | I53: G&S
A54: 26 | B54: Public Fora & Sensitisation / Consultative Meetings | C54: District wide | D54: 7000 | F54: =D54+E54 -> 7000 | G54: Routine | H54: P1S4 | I54: G&S
B55: Sub-Total | D55: =SUM(D53:D54) -> 12000 | E55: =SUM(E53:E54) -> 0 | F55: =D55+E55 -> 12000
B56: IMPLEMENTATION OF REVENUE IMPROVEMENT ACTION PLAN | F56: =D56+E56 -> 0
A57: 27 | B57: Value Books | C57: District wide | D57: 10000 | F57: =D57+E57 -> 10000 | G57: Routine | H57: P1S2 | I57: G&S
B58: Gazette of FFR | C58: District wide | D58: 7000 | F58: =D58+E58 -> 7000 | G58: Routine | H58: P1S2 | I58: G&S
A59: 28 | B59: Commissions (Revenue Collectors) | C59: District wide | D59: 25000 | F59: =D59+E59 -> 25000 | G59: Routine | H59: P1S2 | I59: G&S
A60: 29 | B60: Local Travel Cost Revenue Collectors T&T | C60: District wide | D60: 6000 | F60: =D60+E60 -> 6000 | G60: Routine | H60: P1S2 | I60: G&S
A61: 30 | B61: Public education, Revenue Task Force activities, Monitoring & Motivation of Collectors and Other RIAP Activities | C61: District wide | D61: 10000 | E61: 15000 | F61: =D61+E61 -> 25000 | G61: Routine | H61: P1S2 | I61: G&S
B62: Sub-Total | D62: =SUM(D57:D61) -> 58000 | E62: =SUM(E57:E61) -> 15000 | F62: =D62+E62 -> 73000
B63: SPECIAL SERVICES | F63: =D63+E63 -> 0
A64: 31 | B64: DPCU Activities/meetings | C64: District wide | D64: 4000 | F64: =D64+E64 -> 4000 | G64: Routine | H64: P1S4 | I64: G&S
A65: 32 | B65: Project Management/Monitoring | C65: District wide | D65: 4000 | F65: =D65+E65 -> 4000 | G65: Routine | H65: P1S4 | I65: G&S
A66: 33 | B66: Servicing of Sub-committee & Assembly Sittings | C66: District wide | D66: 21164 | F66: =D66+E66 -> 21164 | G66: Routine | H66: P1S5 | I66: G&S
A67: 34 | B67: Other meetings | C67: District wide | D67: 22219.068 | E67: 30000 | F67: =D67+E67 -> 52219.068 | G67: Routine | H67: P1S1 | I67: G&S
B68: Sub-Total | D68: =SUM(D64:D67) -> 51383.068 | E68: =SUM(E64:E67) -> 30000 | F68: =D68+E68 -> 81383.068
B69: DECENTRALISED DEPARTMENTS | F69: =D69+E69 -> 0
A70: 35 | B70: Logistical support to decentralised departments and others | C70: District wide | D70: 64600 | F70: =D70+E70 -> 64600 | G70: Routine | H70: P1S1 | I70: G&S
B71: Sub-Total | D71: =SUM(D70) -> 64600 | E71: =SUM(E70) -> 0 | F71: =D71+E71 -> 64600
B72: OTHER CHARGES - FEES | C72: District wide | F72: =D72+E72 -> 0
A73: 36 | B73: Bank Charges | C73: District wide | D73: 300 | F73: =D73+E73 -> 300 | G73: Routine | H73: P1S2 | I73: G&S
B74: Sub-Total | D74: =SUM(D73) -> 300 | E74: =SUM(E73) -> 0 | F74: =D74+E74 -> 300
B75: GENERAL EXPENSES | F75: =D75+E75 -> 0
A76: 37 | B76: Donations | C76: District wide | D76: 25000 | E76: 30000 | F76: =D76+E76 -> 55000 | G76: Routine | H76: P1S1 | I76: G&S
A77: 38 | B77: Contributions | C77: District wide | D77: 7500 | E77: 5000 | F77: =D77+E77 -> 12500 | G77: Routine | H77: P1S1 | I77: G&S
B78: Sub-Total | D78: =SUM(D76:D77) -> 32500 | E78: =SUM(E76:E77) -> 35000 | F78: =D78+E78 -> 67500
B79: COVID-19 ACTIVITIES | C79: District wide | F79: =D79+E79 -> 0
A80: 39 | B80: Logistics support to the fight against COVID-19 | C80: District wide | D80: 2000 | F80: =D80+E80 -> 2000 | G80: Emergency | H80: P2S5 | I80: G&S
B81: Sub-Total | D81: =SUM(D80) -> 2000 | E81: =SUM(E80) -> 0 | F81: =D81+E81 -> 2000
B82: Total G&S - IGF | D82: =D81+D78+D74+D71+D68+D62+D55+D51+D44+D37+D31+D27+D20 -> 492983.07 | E82: =E81+E78+E74+E71+E68+E62+E55+E51+E44+E37+E31+E27+E20 -> 266000 | F82: =D82+E82 -> 758983.07
B83: IGF CAPITAL EXPENDITURE | D83: 0 | F83: =D83+E83 -> 0
B84: Purchase of 2no. Motor Bikes for Door to Door refuse collection | C84: District wide | D84: 30000 | F84: =D84+E84 -> 30000 | G84: NEW | H84: P2S5 | I84: CAPEX
A85: 40 | B85: Purchase of building materials for the construction of classroom block at CAMPSO | C85: District wide | D85: 116295.21 | F85: =D85+E85 -> 116295.21 | G85: NEW | H85: P2S1 | I85: CAPEX
B86: Total CAPEX - IGF | D86: =SUM(D84:D85) -> 146295.21 | E86: =SUM(E84:E85) -> 0 | F86: =D86+E86 -> 146295.21
B87: TOTAL(IGF) EXPEND. | D87: =D86+D82+D16 -> 732801.96 | E87: =E86+E82+E16 -> 297480 | F87: =F86+F82+F16 -> 1030282
C90: =C88-[1]REV!C34 -> -12209877 | D90: =#REF!/#REF!*100 -> #REF! | E90: =20/100*#REF! -> #REF!
B91: 627282.07 | C91: =B91-C88 -> 627282.07
B92: =C87+C19+C72 -> #VALUE! | C92: =C88+[1]GRC!C18 -> 0
B95: EXPENDITURE CLASSIFICATION | C95: INITIAL ESTIMATES
A96: 1 | B96: COMPENSATION | C96: =F6+F9+F10+F13+F14 -> 125003.68
A97: 2 | B97: GOODS & SERVICE | C97: =F19+F22+F23+F24+F25+F26+F29+F30+F33+F34+F35+F36+F39+F40+F41+F42+F43+F46+F47+F48+F49+F50+F53+F54+F57+F58+F59+F60+F61+F64+F65+F66+F67+F70+F73+F76+F77+F80 -> 758983.07
A98: 3 | B98: CAPEX | C98: =F84+F85 -> 146295.21
B99: TOTAL | C99: =C96+C97+C98 -> 1030282
C101: INITIAL ESTIMATES | D101: INITIAL ESTIMATES | E101: INITIAL ESTIMATES
C102: CFE | D102: G&S | E102: CAPEX
A103: p1s1 | B103: General Administration | C103: =F6+F9+F10+F13+F14 -> 125003.68 | D103: =F19+F22+F23+F24+F25+F26+F33+F34+F35+F36+F39+F40+F41+F42+F67+F76+F77 -> 433919.07 | E103: 0 | F103: =E103+D103+C103 -> 558922.75
A104: p1s2 | B104: Finance and Audit | C104: 0 | D104: =F57+F58+F59+F60+F61+F73 -> 73300 | E104: 0 | F104: =E104+D104+C104 -> 73300
A105: p1s3 | B105: Human Resource Management | C105: 0 | D105: =F53 -> 5000 | E105: 0 | F105: =E105+D105+C105 -> 5000
...

Sheet GRC
A1: 2022 GROUND RENT / CONCESSION BUDGET
A2: S/N | B2: ITEM DESCRIPTION | C2: LOCATION | D2: 2022 ESTIMATES (GH¢) | E2: Supplementary Estimates | F2: Revised Estimates | G2: REMARKS
A3: S/N | B3: PROJECTS
A4: 1 | B4: Project Management | D4: 10000 | F4: =D4+E4 -> 10000 | G4: Routine | H4: P1S4 | I4: G&S
A5: 2 | B5: Construction of 1no. Institutional Latrine (Six Seater KVIP) Bredi and atutdrobesa CHPS Compound | C5: Bredi & Atudrobesa | D5: 100000 | F5: =D5+E5 -> 100000 | G5: NEW | H5: P2S2 | I5: CAPEX
A6: 3 | B6: Construction of 1no. Institutional Latrine (Six Seater KVIP)at Atudrobesa CHPS Compound | C6: Atudrobesa | D6: 100000 | E6: -100000 | F6: =D6+E6 -> 0 | G6: out | H6: P2S2 | I6: CAPEX
A7: 4 | B7: Construction of 1no. Institutional Latrine (Six Seater KVIP) at Subonpang Methodist Basic School | C7: Subonpang Methodist | D7: 100000 | E7: -100000 | F7: =D7+E7 -> 0 | G7: out | H7: P2S1 | I7: CAPEX
B8: Contruction of 1no. 10 seater WC , Drilling and mechanization of 1no.. Borehole at SEKESS | C8: SEKESS | E8: 200000 | F8: =D8+E8 -> 200000 | G8: new | H8: P2S1 | I8: CAPEX
F9: =D9+E9 -> 0
B10: Sub-total | D10: =SUM(D4:D7) -> 310000 | E10: =SUM(E4:E9) -> 0 | F10: =D10+E10 -> 310000
B11: ROLLED OVER PROJECTS - ON-GOING | F11: =D11+E11 -> 0
A12: 4 | B12: Construction of 1No. 2-Unit KG Block with Office, Store & Staff Room, 2 Seater KVIP with Urinal and furniture at Tanoso SDA School | C12: Tanoso | D12: 93996.48 | F12: =D12+E12 -> 93996.48 | G12: Retention | H12: P2S1 | I12: CAPEX
B13: Sub-total | D13: =SUM(D12) -> 93996.48 | E13: =SUM(E12) -> 0 | F13: =D13+E13 -> 93996.48
B14: SUB-TOTAL EXPENDITURE FOR GROUND RENT CONCESSION | D14: =D13+D10 -> 403996.48 | E14: =E13+E10 -> 0 | F14: =D14+E14 -> 403996.48
B15: TOTAL -IGF | D15: =D14+IGF!D87 -> 1136798.4 | E15: =IGF!E87 -> 297480 | F15: =D15+E15 -> 1434278.4
A17: EXPENDITURE CLASSIFICATION
A18: 1 | B18: COMPENSATION | C18: 0
A19: 2 | B19: GOODS & SERVICE | C19: =F4 -> 10000
A20: 3 | B20: CAPEX | C20: =F5+F6+F7+F8+F11+F12 -> 393996.48
B21: TOTAL | C21: =C18+C19+C20 -> 403996.48
C24: CFE | D24: G&S | E24: CAPEX | F24: TOTAL
A26: p1s1 | B26: General Administration | C26: 0 | D26: 0 | E26: 0 | F26: =C26+D26+E26 -> 0
A27: p1s2 | B27: Finance and Audit | C27: 0 | D27: 0 | E27: 0 | F27: =C27+D27+E27 -> 0
A28: p1s3 | B28: Human Resource Management | C28: 0 | D28: 0 | E28: 0 | F28: =C28+D28+E28 -> 0
A29: p1s4 | B29: Planning, Budgeting, Coordination and Statistics | C29: 0 | D29: =F4 -> 10000 | E29: 0 | F29: =C29+D29+E29 -> 10000
A30: p1s5 | B30: Legislative Oversights | C30: 0 | D30: 0 | E30: 0 | F30: =C30+D30+E30 -> 0
C31: =C26+C27+C28+C29+C30 -> 0 | D31: =D26+D27+D28+D29+D30 -> 10000 | E31: =E26+E27+E28+E29+E30 -> 0 | F31: =F26+F27+F28+F29+F30 -> 10000
A32: p2s1 | B32: Education, Youth and Sports Services | C32: 0 | D32: 0 | E32: =F7+F8+F12 -> 293996.48 | F32: =C32+D32+E32 -> 293996.48
A33: p2s2 | B33: Public Health Services and Management | C33: 0 | D33: 0 | E33: =F5+F6 -> 100000 | F33: =C33+D33+E33 -> 100000
A34: p2s3 | B34: Social Welfare and Community Development | C34: 0 | D34: 0 | E34: 0 | F34: =C34+D34+E34 -> 0
A35: p2s4 | B35: Birth and Death Registration Services | C35: 0 | D35: 0 | E35: 0 | F35: =C35+D35+E35 -> 0
A36: p2s5 | B36: Environmental Health and Sanitation Services | C36: 0 | D36: 0 | E36: 0 | F36: =C36+D36+E36 -> 0
C37: =C32+C33+C34+C35+C36 -> 0 | D37: =D32+D33+D34+D35+D36 -> 0 | E37: =E32+E33+E34+E35+E36 -> 393996.48 | F37: =F32+F33+F34+F35+F36 -> 393996.48
A38: p3s1 | B38: Physical and Spatial Planning Development | C38: 0 | D38: 0 | E38: 0 | F38: =C38+D38+E38 -> 0
A39: p3s2 | B39: Public Works, Rural Housing and Water Management | C39: 0 | D39: 0 | E39: 0 | F39: =C39+D39+E39 -> 0
A40: p3s3 | B40: Roads and Transport Services | C40: 0 | D40: 0 | E40: 0 | F40: =C40+D40+E40 -> 0
C41: =C38+C39+C40 -> 0 | D41: =D38+D39+D40 -> 0 | E41: =E38+E39+E40 -> 0 | F41: =F38+F39+F40 -> 0
A42: p4s1 | B42: Trade, Tourism and Industrial Development | C42: 0 | D42: 0 | E42: 0 | F42: =C42+D42+E42 -> 0
A43: p4s2 | B43: Agricultural Services and Management | C43: 0 | D43: 0 | E43: 0 | F43: =C43+D43+E43 -> 0
C44: =C42+C43 -> 0 | D44: =D42+D43 -> 0 | E44: =E42+E43 -> 0 | F44: =F42+F43 -> 0
A45: p5s1 | B45: Disaster Prevention and Management | C45: 0 | D45: 0 | E45: 0 | F45: =C45+D45+E45 -> 0
A46: p5s2 | B46: Natural Resource Conservation and Management | C46: 0 | D46: 0 | E46: 0 | F46: =C46+D46+E46 -> 0
C47: =C45+C46 -> 0 | D47: =D45+D46 -> 0 | E47: =E45+E46 -> 0 | F47: =F45+F46 -> 0
A48: Total | C48: =C47+C44+C41+C37+C31 -> 0 | D48: =D47+D44+D41+D37+D31 -> 10000 | E48: =E47+E44+E41+E37+E31 -> 393996.48 | F48: =F47+F44+F41+F37+F31 -> 403996.48
C49: =C18 -> 0 | D49: =C19 -> 10000 | E49: =C20 -> 393996.48 | F49: =C21 -> 403996.48
D50: =D49-D48 -> 0 | E50: =E49-E48 -> 0 | F50: =F49-F48 -> 0

Sheet GOG
A1: COMPENSATION FOR EMPLOYEES-GOG
A2: S/N | B2: ITEM DESCRIPTION | C2: LOCATION | D2: 2022 ESTIMATES (GH¢) | G2: REMARKS
A3: 1 | B3: CENTRAL ADMI. | C3: CENTRAL ADM | D3: 940413.72 | F3: =D3+E3 -> 940413.72 | G3: Routine | H3: P1S3 | I3: CFE
A4: 2 | B4: FINANCE | C4: FINAN | D4: 518308.44 | F4: =D4+E4 -> 518308.44 | G4: Routine | H4: P1S2 | I4: CFE
A5: 3 | B5: HRD | C5: H | D5: 73611.48 | F5: =D5+E5 -> 73611.48 | G5: Routine | H5: P1S3 | I5: CFE
A6: 4 | B6: STATS | C6: STA | D6: 73604.64 | F6: =D6+E6 -> 73604.64 | G6: Routine | H6: P1S4 | I6: CFE
A7: 5 | B7: PLANNING & BUDGET | C7: G BUDGI | D7: 432801.72 | F7: =D7+E7 -> 432801.72 | G7: Routine | H7: P1S4 | I7: CFE
A8: 6 | B8: ENVIRONMENTAL HEALTH | C8: MEHO | D8: 768329.52 | F8: =D8+E8 -> 768329.52 | G8: Routine | H8: P2S5 | I8: CFE
A9: 7 | B9: MADU | C9: WORKS | D9: 473937.6 | F9: =D9+E9 -> 473937.6 | G9: Routine | H9: P4S2 | I9: CFE
A10: 8 | B10: T&CPD | C10: WORKS | D10: 71159.28 | F10: =D10+E10 -> 71159.28 | G10: Routine | H10: P3S1 | I10: CFE
A11: 9 | B11: SW&CD | C11: WORKS | D11: 213335.88 | F11: =D11+E11 -> 213335.88 | G11: Routine | H11: P2S3 | I11: CFE
A12: 10 | B12: MWD | C12: WORKS | D12: 566954.4 | F12: =D12+E12 -> 566954.4 | G12: Routine | H12: P3S2 | I12: CFE
A13: 11 | B13: MURBRD | C13: MURB | D13: 33415.38 | F13: =D13+E13 -> 33415.38 | G13: Routine | H13: P3S3 | I13: CFE
B14: Total | D14: =SUM(D3:D13) -> 4165872.1 | F14: =F13+F12+F11+F10+F9+F8+F7+F6+F5+F4+F3 -> 4165872.1
A15: GOODS AND SERVICES- GOG | F15: =D15+E15 -> 0
B16: Central Administration | F16: =D16+E16 -> 0
A17: 12 | B17: Fight Against COVID-19 | C17: District Wide | D17: 10000 | F17: =D17+E17 -> 10000 | G17: Routine | H17: P2S5 | I17: G&S
B18: Renovation of municipal budget analyst bungalow | C18: MBA | D18: 7000 | F18: =D18+E18 -> 7000 | G18: Capex | H18: P1S4 | I18: CAPEX
B19: procurement of Office computers and accessories | C19: CENTRAL ADM | D19: 18180 | F19: =D19+E19 -> 18180 | H19: P1S1 | I19: G&S
B20: Total | D20: 35180 | F20: =D20+E20 -> 35180
B21: Agric | F21: =D21+E21 -> 0
A22: 13 | B22: Conduct Field Visits and Supervision Exercises | C22: District Wide | D22: 200 | F22: =D22+E22 -> 200 | G22: Routine | H22: P4S2 | I22: G&S
A23: 14 | B23: Establish Demonstration Farms for AgricTech Dissermination purposes | C23: District Wide | D23: 5000 | F23: =D23+E23 -> 5000 | G23: Routine | H23: P4S2 | I23: G&S
A24: 15 | B24: Organised Zonal/RELC/Technical Meetings | C24: District Wide | D24: 2000 | F24: =D24+E24 -> 2000 | G24: Routine | H24: P4S2 | I24: G&S
A25: 16 | B25: Undertake various Sensitization/Awareness Creation/Training Programmes | C25: District Wide | D25: 7300 | F25: =D25+E25 -> 7300 | G25: Routine | H25: P4S2 | I25: G&S
A26: 17 | B26: Maintenance/Running of Official Vehicless | C26: District Wide | D26: 7000 | F26: =D26+E26 -> 7000 | G26: Routine | H26: P4S2 | I26: G&S
A27: 18 | B27: Logistics for Mun. Agric Dev't Unit Operations | C27: District Wide | D27: 5252 | F27: =D27+E27 -> 5252 | G27: Routine | H27: P4S2 | I27: G&S
A28: 19 | B28: Activities geared towards the Implementation of the Gov't Flagship Projects/Programmes in Agric | C28: District Wide | D28: 1800 | F28: =D28+E28 -> 1800 | G28: Routine | H28: P4S2 | I28: G&S
A29: 20 | B29: Support Veterinary Services in the Municipality | C29: District Wide | D29: 400 | F29: =D29+E29 -> 400 | G29: Routine | H29: P4S2 | I29: G&S
A30: 21 | B30: Conduct Market Surveys in food prices among others | C30: District Wide | D30: 1000 | F30: =D30+E30 -> 1000 | G30: Routine | H30: P4S2 | I30: G&S
A31: 22 | B31: Disease Control in Plants | C31: District Wide | D31: 550 | F31: =D31+E31 -> 550 | G31: Routine | H31: P4S2 | I31: G&S
F32: =D32+E32 -> 0
B33: Sub-Total | D33: =SUM(D22:D32) -> 30502 | F33: =D33+E33 -> 30502
B34: Town & Country Planning | F34: =D34+E34 -> 0
A35: 23 | B35: Procurement of 2No. HP Desktop Computer with Accessories | C35: District Wide | D35: 4000 | F35: =D35+E35 -> 4000 | G35: New | H35: P3S1 | I35: G&S
A36: 24 | B36: Procurement of 1No. Executive Office Table and Swivel Chair | C36: District Wide | D36: 3500 | F36: =D36+E36 -> 3500 | G36: New | H36: P3S1 | I36: G&S
A37: 25 | B37: Bi-weekly site inspections to monitor physical developments | C37: District Wide | D37: 2000 | F37: =D37+E37 -> 2000 | G37: Routine | H37: P3S1 | I37: G&S
A38: 26 | B38: Procurement of 3no. 25x25 length Ariel Photographs (auto photos) of 3 Communities (Tanoso, Terchire and Bomaa) | C38: District Wide | D38: 3782 | F38: =D38+E38 -> 3782 | G38: New | H38: P3S1 | I38: G&S
F39: =D39+E39 -> 0
B40: Sub-Total | D40: =SUM(D35:D39) -> 13282 | F40: =D40+E40 -> 13282
B41: Social Welfare and Community Development | F41: =D41+E41 -> 0
A42: 27 | B42: Logistics for the implementation of Justice and Administration Programmes | C42: District Wide | D42: 4650 | F42: =D42+E42 -> 4650 | G42: Routine | H42: P2S3 | I42: G&S
A43: 28 | B43: Logistics for the implementation of Child Labour Programmes | C43: District Wide | D43: 2650 | F43: =D43+E43 -> 2650 | G43: Routine | H43: P2S3 | I43: G&S
A44: 29 | B44: Logistics to support the implementation of Persons with Disability Programmes | C44: District Wide | D44: 2482 | F44: =D44+E44 -> 2482 | G44: Routine | H44: P2S3 | I44: G&S
A45: 30 | B45: Logistics for the implementation of Programmes for the Aged | C45: District Wide | D45: 2525 | F45: =D45+E45 -> 2525 | G45: Routine | H45: P2S3 | I45: G&S
A46: 31 | B46: Logistics to support Gender Activities | C46: District Wide | D46: 2650 | F46: =D46+E46 -> 2650 | G46: Routine | H46: P2S3 | I46: G&S
A47: 32 | B47: Administrative Support for LEAP Implementation | C47: District Wide | D47: 2435 | F47: =D47+E47 -> 2435 | G47: Routine | H47: P2S3 | I47: G&S
F48: =D48+E48 -> 0
B49: Sub-Total | D49: =SUM(D42:D48) -> 17392 | F49: =D49+E49 -> 17392
B50: WORKS DEPARTMENT - Urban Roads | F50: =D50+E50 -> 0
A51: 33 | B51: Administrative Support - Purchase of Stationery for the operations of the Department | C51: District Wide | D51: 8222 | F51: =D51+E51 -> 8222 | G51: Routine | H51: P3S3 | I51: G&S
A52: 34 | B52: Purchase of 1no. Swivel Chair | C52: District Wide | D52: 1820 | F52: =D52+E52 -> 1820 | G52: New | H52: P3S3 | I52: G&S
A53: 35 | B53: Purchase of Canon Photocopier machine | C53: District Wide | D53: 7880 | F53: =D53+E53 -> 7880 | G53: New | H53: P3S3 | I53: G&S
B54: Sub-Total | D54: =SUM(D51:D53) -> 17922 | F54: =D54+E54 -> 17922
B55: STATISTICS DEPARTMENT | F55: =D55+E55 -> 0
A56: 36 | B56: Refurbishment of the Department | C56: District Wide | D56: 4763 | F56: =D56+E56 -> 4763 | G56: New | H56: P1S4 | I56: G&S
A57: 37 | B57: Purchase of 1No. laptop computer | C57: District Wide | D57: 4000 | F57: =D57+E57 -> 4000 | G57: New | H57: P1S4 | I57: G&S
A58: 38 | B58: Enumeration of rateable properties | C58: District Wide | D58: 4737 | F58: =D58+E58 -> 4737 | G58: Routine | H58: P1S4 | I58: G&S
B59: Sub-Total | D59: =SUM(D56:D58) -> 13500 | F59: =D59+E59 -> 13500
B60: HUMAN RESOURCE DEPARTMENT | F60: =D60+E60 -> 0
A61: 39 | B61: Administrative Support - Purchase of Stationery for the operations of the Department | C61: District Wide | D61: 4000 | F61: =D61+E61 -> 4000 | G61: Routine | H61: P1S3 | I61: G&S
A62: 40 | B62: Local travel cost | C62: District Wide | D62: 4500 | F62: =D62+E62 -> 4500 | G62: Routine | H62: P1S3 | I62: G&S
A63: 41 | B63: Seminars and coferences | C63: District Wide | D63: 5000 | F63: =D63+E63 -> 5000 | G63: Routine | H63: P1S3 | I63: G&S
B64: Sub-Total | D64: =SUM(D61:D63) -> 13500 | F64: =D64+E64 -> 13500
B65: Total GOG G&S Budget | D65: =D54+D49+D40+D33+D59+D64+D20 -> 141278 | F65: =D65+E65 -> 141278
B66: TOTAL GOG BUDGET | D66: =D65+D14 -> 4307150.1 | F66: =D66+E66 -> 4307150.1
F67: =D67+E67 -> 0
B70: EXPENDITURE CLASSIFICATION
A71: 1 | B71: COMPENSATION | D71: =F14 -> 4165872.1
A72: 2 | B72: GOODS & SERVICE | D72: =F20+F33+F40+F49+F54+F59+F64 -> 141278
A73: 3 | B73: CAPEX | D73: =F18 -> 7000
B74: TOTAL | D74: =SUM(D71:D73) -> 4314150.1
C76: CFE | D76: G&S | E76: CAPEX | F76: TOTAL
A78: p1s1 | B78: General Administration | C78: =F3 -> 940413.72 | D78: =D19 -> 18180 | E78: =0 -> 0 | F78: =C78+D78+E78 -> 958593.72
A79: p1s2 | B79: Finance and Audit | C79: =F4 -> 518308.44 | D79: 0 | E79: 0 | F79: =C79+D79+E79 -> 518308.44
A80: p1s3 | B80: Human Resource Management | C80: =F5 -> 73611.48 | D80: =F61+F62+F63 -> 13500 | E80: 0 | F80: =C80+D80+E80 -> 87111.48
A81: p1s4 | B81: Planning, Budgeting, Coordination and Statistics | C81: =F5+F7 -> 506413.2 | D81: =F18+F56+F57+F58 -> 20500 | E81: =F18 -> 7000 | F81: =C81+D81+E81 -> 533913.2
A82: p1s5 | B82: Legislative Oversights | C82: 0 | D82: =0 -> 0 | E82: 0 | F82: =C82+D82+E82 -> 0
C83: =C82+C81+C80+C79+C78 -> 2038746.8 | D83: =D82+D81+D80+D79+D78 -> 52180 | E83: =E82+E81+E80+E79+E78 -> 7000 | F83: =C83+D83+E83 -> 2097926.8
A84: p2s1 | B84: Education, Youth and Sports Services | C84: 0 | D84: 0 | E84: 0 | F84: =C84+D84+E84 -> 0
A85: p2s2 | B85: Public Health Services and Management | C85: 0 | D85: 0 | E85: 0 | F85: =C85+D85+E85 -> 0
A86: p2s3 | B86: Social Welfare and Community Development | C86: =F11 -> 213335.88 | D86: =F42+F43+F44+F45+F46+F47 -> 17392 | E86: 0 | F86: =C86+D86+E86 -> 230727.88
A87: p2s4 | B87: Birth and Death Registration Services | C87: 0 | D87: 0 | E87: 0 | F87: =C87+D87+E87 -> 0
A88: p2s5 | B88: Environmental Health and Sanitation Services | C88: =F8 -> 768329.52 | D88: =F17 -> 10000 | E88: 0 | F88: =C88+D88+E88 -> 778329.52
C89: =C88+C87+C86+C85+C84 -> 981665.4 | D89: =D88+D87+D86+D85+D84 -> 27392 | E89: =E88+E87+E86+E85+E84 -> 0 | F89: =C89+D89+E89 -> 1009057.4
A90: p3s1 | B90: Physical and Spatial Planning Development | C90: =F10 -> 71159.28 | D90: =F35+F36+F37+F38 -> 13282 | E90: 0 | F90: =C90+D90+E90 -> 84441.28
A91: p3s2 | B91: Public Works, Rural Housing and Water Management | C91: =F12 -> 566954.4 | D91: 0 | E91: 0 | F91: =C91+D91+E91 -> 566954.4
A92: p3s3 | B92: Roads and Transport Services | C92: =F13 -> 33415.38 | D92: =F51+F52+F53 -> 17922 | E92: 0 | F92: =C92+D92+E92 -> 51337.38
C93: =C92+C91+C90 -> 671529.06 | D93: =D92+D91+D90 -> 31204 | E93: =E92+E91+E90 -> 0 | F93: =C93+D93+E93 -> 702733.06
A94: p4s1 | B94: Trade, Tourism and Industrial Development | C94: 0 | D94: 0 | E94: 0 | F94: =C94+D94+E94 -> 0
A95: p4s2 | B95: Agricultural Services and Management | C95: =F9 -> 473937.6 | D95: =F22+F23+F24+F25+F26+F27+F28+F29+F30+F31 -> 30502 | E95: 0 | F95: =C95+D95+E95 -> 504439.6
C96: =C95+C94 -> 473937.6 | D96: =D95+D94 -> 30502 | E96: =E95+E94 -> 0 | F96: =C96+D96+E96 -> 504439.6
A97: p5s1 | B97: Disaster Prevention and Management | C97: 0 | D97: 0 | E97: 0 | F97: =C97+D97+E97 -> 0
A98: p5s2 | B98: Natural Resource Conservation and Management | C98: 0 | D98: 0 | E98: 0 | F98: =C98+D98+E98 -> 0
A99: Total | C99: =C98+C97 -> 0 | D99: =D98+D97 -> 0 | E99: =E98+E97 -> 0 | F99: =C99+D99+E99 -> 0
A100: Total | C100: =C99+C96+C93+C89+C83 -> 4165878.9 | D100: =D99+D96+D93+D89+D83 -> 141278 | E100: =E98+E96+E93+E89+E83 -> 7000 | F100: =C100+D100+E100 -> 4314156.9
C101: =C100-D71 -> 6.84 | D101: =D100-D72 -> 0 | E101: =E100-D73 -> 0 | F101: =C101+D101+E101 -> 6.84

Sheet DACF
B1: 2022 DACF ASSEMBLY BUDGET
A2: S/N | B2: ITEM DESCRIPTION | C2: LOCATION | D2: 2022 ESTIMATES (GH¢) | E2: supplementary estimates | F2: revised estimates | G2: REMARKS
B3: Recurrent Expenditure
A4: 1 | B4: Procurement Planning and Management | C4: Municipal Administration | D4: 15000 | E4: 15000 | F4: =D4+E4 -> 30000 | G4: Routine | H4: P1S1 | I4: G&S
A5: 2 | B5: Internal Audit and Audit Report Implementation Committee Activities | C5: Municipal Administration | D5: 20000 | F5: =D5+E5 -> 20000 | G5: Routine | H5: P1S4 | I5: G&S
A6: 3 | B6: Manpower Skills Development (Capacity Building) | C6: Municipal Administration | D6: 75000 | E6: 5000 | F6: =D6+E6 -> 80000 | G6: Routine | H6: P1S3 | I6: G&S
A7: 4 | B7: Implementation of National Anti Corruption Campaign Activities in the Municipality | C7: District Wide | D7: 10000 | F7: =D7+E7 -> 10000 | G7: Routine | H7: P1S5 | I7: G&S
A8: 5 | B8: Support DPCU Activities | C8: Municipal Administration | D8: 30000 | E8: -10000 | F8: =D8+E8 -> 20000 | G8: Routine | H8: P1S4 | I8: G&S
A9: 6 | B9: Municipal MTDP / AAPs Reviews and others | C9: Municipal Administration | D9: 30000 | E9: -10000 | F9: =D9+E9 -> 20000 | G9: Routine | H9: P1S4 | I9: G&S
A10: 7 | B10: T&T Expenses - (Fuel/running cost) for Monitoring & Evaluation | C10: Municipal Administration | D10: 35585.88 | F10: =D10+E10 -> 35585.88 | G10: Routine | H10: P1S1 | I10: G&S
A11: 8 | B11: Maintenance and Repairs of Official Monitoring vehicles | C11: Municipal Administration | D11: 55000 | E11: 10000 | F11: =D11+E11 -> 65000 | G11: Routine | H11: P1S1 | I11: G&S
A12: 9 | B12: Servicing of Sub-Committee/Assembly meetings | C12: Municipal Administration | D12: 50000 | F12: =D12+E12 -> 50000 | G12: Routine | H12: P1S5 | I12: G&S
A13: 10 | B13: Contributions to RCC Support Projects/Others | C13: Municipal Administration | D13: 20000 | F13: =D13+E13 -> 20000 | G13: Routine | H13: P1S1 | I13: G&S
A14: 11 | B14: Preparation/Implementation of Annual Composite Programme Based Budget | C14: Municipal Administration | D14: 30000 | F14: =D14+E14 -> 30000 | G14: Routine | H14: P1S4 | I14: G&S
A15: 12 | B15: NALAG Contributions and others | C15: Municipal Administration | D15: 10000 | F15: =D15+E15 -> 10000 | G15: Routine | H15: P1S5 | I15: G&S
A16: 13 | B16: Hosting of official guest | C16: Municipal Administration | D16: 30000 | F16: =D16+E16 -> 30000 | G16: Routine | H16: P1S1 | I16: G&S
A17: 14 | B17: Implementation of GIFMIS | C17: Municipal Administration | D17: 20000 | E17: -10000 | F17: =D17+E17 -> 10000 | G17: Routine | H17: P1S2 | I17: G&S
B18: Sub-Total | D18: =SUM(D4:D17) -> 430585.88 | E18: =SUM(E4:E17) -> 0 | F18: =SUM(F4:F17) -> 430585.88
B19: Infrastructure | F19: =D19+E19 -> 0
A20: 15 | B20: Purchase of Construction Materials for the Rehabilitation of Municipal Office Block | C20: Municipal Administration | D20: 50000 | F20: =D20+E20 -> 50000 | G20: On-going | H20: P3S2 | I20: G&S
A21: 16 | B21: Procuremet of buiding materials for the construction of Assembly's warehouse | C21: Municipal Administration | D21: 40000 | E21: -20000 | F21: =D21+E21 -> 20000 | G21: New | H21: P3S2 | I21: G&S
A22: 17 | B22: Construction of Security post with Washroom at the MCD Residence | C22: Municipal Administration | D22: 20000 | F22: =D22+E22 -> 20000 | G22: New | H22: P3S2 | I22: CAPEX
A23: 18 | B23: Petitioning of Office Block and Minor Rehabilitation Work at the Old Assembly Building | C23: Municipal Administration | D23: 20000 | F23: =D23+E23 -> 20000 | G23: New | H23: P3S2 | I23: G&S
A24: 19 | B24: Maintenance of Residential & Office Accomodation and existing market facilities | C24: Municipal Administration | D24: 70000 | F24: =D24+E24 -> 70000 | G24: Routine | H24: P3S2 | I24: G&S
A25: 20 | B25: Purchase of Computers and Accessories | C25: Municipal Administration | D25: 20000 | F25: =D25+E25 -> 20000 | G25: New | H25: P3S2 | I25: G&S
A26: 21 | B26: Acquisition of Land Title Deeds of Assembly Landed Properties | C26: Municipal Administration | D26: 25000 | E26: -15000 | F26: =D26+E26 -> 10000 | G26: New | H26: P3S2 | I26: G&S
A27: 22 | B27: Furnishing of Assembly hall | C27: Municipal Administration | D27: 75000 | E27: 35000 | F27: =D27+E27 -> 110000 | G27: New | H27: P3S2 | I27: G&S
A28: 23 | B28: Construction of Office Complex Block for the Municipal Assembly - Phase I | C28: Municipal Administration | D28: 100585.88 | E28: -100585.88 | F28: =D28+E28 -> 0 | G28: New | H28: P3S2 | I28: CAPEX
B29: Sub-Total | D29: =SUM(D20:D28) -> 420585.88 | E29: =SUM(E20:E28) -> -100585.88 | F29: =SUM(F20:F28) -> 320000
B30: Others | F30: =D30+E30 -> 0
A31: 24 | B31: Completion of bomaa Area Council Office Block | C31: Bomaa | D31: 23823.6 | F31: =D31+E31 -> 23823.6 | G31: On-going | H31: P1S5 | I31: CAPEX
A32: 25 | B32: Logistics support to Sub-Structures | C32: District Wide | D32: 60293.576 | F32: =D32+E32 -> 60293.576 | G32: Routine | H32: P1S5 | I32: G&S
B33: Sub-Total | D33: =SUM(D31:D32) -> 84117.176 | F33: =D33+E33 -> 84117.176
F34: =D34+E34 -> 0
B35: DESCRETIONERY | F35: =D35+E35 -> 0
B36: Agric | F36: =D36+E36 -> 0
A37: 26 | B37: Farmers Day celebration | C37: District Wide | D37: 50000 | F37: =D37+E37 -> 50000 | G37: Routine | H37: P1S1 | I37: G&S
A38: 27 | B38: Logistics support to the Department of Agric | C38: District Wide | D38: 20000 | F38: =D38+E38 -> 20000 | G38: On-going | H38: P4S2 | I38: G&S
A39: 28 | B39: Support Government Priority Programmes under Agric Development (DCAT& PFFJ) | C39: District Wide | D39: 100000 | F39: =D39+E39 -> 100000 | G39: Routine | H39: P4S2 | I39: G&S
B40: Sub-Total | D40: =SUM(D37:D39) -> 170000 | F40: =D40+E40 -> 170000
B41: Town & Country Planning | F41: =D41+E41 -> 0
A42: 29 | B42: Enforcement of Spatial & Physical Planning Regulations | C42: District Wide | D42: 20000 | F42: =D42+E42 -> 20000 | G42: On-going | H42: P3S1 | I42: G&S
A43: 30 | B43: Street Naming & property addressing and maintenance of old works | C43: District Wide | D43: 20000 | F43: =D43+E43 -> 20000 | G43: On-going | H43: P3S1 | I43: G&S
A44: 31 | B44: Property Valuation | C44: District Wide | D44: 50000 | F44: =D44+E44 -> 50000 | G44: Routine | H44: P3S1 | I44: G&S
B45: Sub-Total | D45: =SUM(D42:D44) -> 90000 | F45: =D45+E45 -> 90000
B46: Trade & Industry | F46: =D46+E46 -> 0
A47: 32 | B47: Logistical Support for the Operations of the BAC | C47: District Wide | D47: 10000 | F47: =D47+E47 -> 10000 | G47: Routine | H47: P4S1 | I47: G&S
A48: 33 | B48: Small Business Management Training | C48: District Wide | D48: 10000 | F48: =D48+E48 -> 10000 | G48: Routine | H48: P4S1 | I48: G&S
A49: 34 | B49: Technical Training in Welding and Fabrications | C49: District Wide | D49: 10000 | F49: =D49+E49 -> 10000 | G49: Routine | H49: P4S1 | I49: G&S
A50: 35 | B50: Group Development Training in Group Dynamics | C50: District Wide | D50: 10000 | F50: =D50+E50 -> 10000 | G50: Routine | H50: P4S1 | I50: G&S
A51: 36 | B51: Business Plans Preparation | C51: District Wide | D51: 10000 | F51: =D51+E51 -> 10000 | G51: Routine | H51: P4S1 | I51: G&S
A52: 37 | B52: Technical Training in Soap Making | C52: District Wide | D52: 10000 | F52: =D52+E52 -> 10000 | G52: Routine | H52: P4S1 | I52: G&S
B53: Sub-Total | D53: =SUM(D47:D52) -> 60000 | F53: =D53+E53 -> 60000
B54: Department of Urban Roads | F54: =D54+E54 -> 0
A55: 38 | B55: Logistical Support for the Operations of the Urban Roads Dep't | C55: Municpal Office | D55: 20000 | F55: =D55+E55 -> 20000 | G55: Routine | H55: P3S3 | I55: G&S
A56: 39 | B56: Maintenance of 20kms of Roads | C56: District Wide | D56: 130000 | E56: 150000 | F56: =D56+E56 -> 280000 | G56: Routine | H56: P3S3 | I56: CAPEX
B57: Constructiong of 1No. Foot Bridges at ASUADEE (RUBI) | C57: RUBI | E57: 70000 | F57: =SUM(D57:E57) -> 70000 | H57: P3S3 | I57: CAPEX
B58: Sub-Total | D58: =SUM(D55:D57) -> 150000 | E58: =SUM(E56:E57) -> 220000 | F58: =D58+E58 -> 370000
B59: Works | F59: =D59+E59 -> 0
A60: 40 | B60: Self Help projects | C60: District Wide | D60: 250292.94 | F60: =D60+E60 -> 250292.94 | G60: Routine | H60: P3S2 | I60: G&S
A61: 41 | B61: Maintenance of Street Lights | C61: District Wide | D61: 60000 | F61: =D61+E61 -> 60000 | G61: Routine | H61: P3S2 | I61: G&S
A62: 42 | B62: Purchase of LV Poles and other materials for extension of electricity | C62: District Wide | D62: 100000 | E62: -100000 | F62: =D62+E62 -> 0 | G62: OUT | H62: P3S2 | I62: G&S
A63: 44 | B63: Constructiong of 1no. Culvet and upgrading of Adongo road | C63: Adongo | D63: 20000 | E63: -20000 | F63: =D63+E63 -> 0 | G63: OUT | H63: P3S3 | I63: CAPEX
A64: 45 | B64: Constructiong of 3no. Foot Bridges | C64: Duayaw Nkwanta Zongo & Awompi | D64: 21000 | E64: -21000 | F64: =D64+E64 -> 0 | G64: OUT | H64: P3S3 | I64: CAPEX
B65: Sub-Total | D65: =SUM(D60:D64) -> 451292.94 | E65: =SUM(E60:E64) -> -141000 | F65: =D65+E65 -> 310292.94
B66: Health | F66: =D66+E66 -> 0
A67: 46 | B67: District Response Initiative - Malaria | C67: District Wide | D67: 21029.294 | F67: =D67+E67 -> 21029.294 | G67: Routine | H67: P2S2 | I67: G&S
A68: 47 | B68: Support NIDs and other Goods & Service activities of GHS | C68: District Wide | D68: 50000 | E68: -10000 | F68: =D68+E68 -> 40000 | G68: Routine | H68: P2S2 | I68: G&S
B69: Construction 1No. Maternity block at Mankraho | C69: Mankraho | E69: 442442.34 | F69: =SUM(D69:E69) -> 442442.34 | G69: NEW | H69: P2S2 | I69: CAPEX
A70: 49 | B70: Construction of Hostel Facility at Tanoso Community Health Nursing Training College | C70: Tanoso | D70: 105828.3 | F70: =D70+E70 -> 105828.3 | G70: On-going | H70: P2S2 | I70: CAPEX
B71: Sub-Total | D71: =SUM(D67:D70) -> 176857.59 | E71: =SUM(E68:E70) -> 432442.34 | F71: =SUM(F67:F70) -> 609299.93
B72: Education | F72: =D72+E72 -> 0
A73: 50 | B73: District Educational Fund - Sponsorship for Needy but Brilliant Students | C73: District Wide | D73: 84117.176 | F73: =D73+E73 -> 84117.176 | G73: Routine | H73: P2S1 | I73: G&S
A74: 51 | B74: Support for STME, My First Day @ Sch and other Goods & Service activities of GES | C74: District Wide | D74: 50000 | F74: =D74+E74 -> 50000 | G74: Routine | H74: P2S1 | I74: G&S
A75: 52 | B75: Construction of 1no. 3unit Teachers Quarters | C75: Boukrukruwa | D75: 197018.3 | F75: =D75+E75 -> 197018.3 | G75: On-going | H75: P2S1 | I75: CAPEX
A76: 53 | B76: Rehabilitation of delapidated MA Basic Schools | C76: District Wide | D76: 248054.23 | F76: =D76+E76 -> 248054.23 | G76: New | H76: P2S1 | I76: CAPEX
A77: 54 | B77: Construction of 1No. 4-Unit Classroom Block with Office, Store & Staff Room, 2seater KVIP with Urinal and supply of 120pieces of mono desk, 4no. Teachers Tables and chairs | C77: TWEWAAHO | E77: 250000 | F77: =D77+E77 -> 250000 | G77: NEW | H77: P2S1 | I77: CAPEX
A78: 55 | B78: Completion of 3-unit classroom block | C78: Tanokrom | D78: 44368 | F78: =D78+E78 -> 44368 | G78: On-going | H78: P2S1 | I78: CAPEX
A79: 56 | B79: Completion of 1No. 5Unit classroom block and supply furniture for Presby JHS | C79: Yamfo | D79: 19755.01 | F79: =D79+E79 -> 19755.01 | G79: On-going | H79: P2S1 | I79: CAPEX
A80: 57 | B80: Completion of Cladding a pavillion | C80: Nsuapemkrom | D80: 20762.34 | F80: =D80+E80 -> 20762.34 | G80: On-going | H80: P2S1 | I80: CAPEX
A81: 58 | B81: Rehabiltation of Bomaa Community library for the establishment of a Community Computer Centre | C81: Bomaa | D81: 50284.25 | F81: =D81+E81 -> 50284.25 | G81: On-going | H81: P2S1 | I81: CAPEX
B82: Sub-Total | D82: =SUM(D73:D81) -> 714359.31 | E82: 300000 | F82: =SUM(F73:F81) -> 964359.31
B83: Water | F83: =D83+E83 -> 0
A84: 59 | B84: Completion of the Drilling and Construction of 10No. Boreholes | C84: District Wide | D84: 70000 | E84: -70000 | F84: =D84+E84 -> 0 | G84: OUT | H84: P3S2 | I84: CAPEX
A85: 60 | B85: Repairs and Maintenance of Existing Boreholes | C85: District Wide | D85: 20000 | F85: =D85+E85 -> 20000 | G85: Routine | H85: P3S2 | I85: G&S
A86: 61 | B86: Logistics for DWST Activities | C86: District Wide | D86: 10000 | F86: =D86+E86 -> 10000 | G86: Routine | H86: P2S5 | I86: G&S
B87: Sub-Total | D87: =SUM(D84:D86) -> 100000 | E87: -70000 | F87: =D87+E87 -> 30000
B88: Environment | F88: =D88+E88 -> 0
A89: 62 | B89: Logistics for Environmental Health Activities | C89: District Wide | D89: 15000 | F89: =D89+E89 -> 15000 | G89: Routine | H89: P2S5 | I89: G&S
A90: 63 | B90: Procurement of Sanitory Tools and Equipment | C90: District Wide | D90: 15000 | F90: =D90+E90 -> 15000 | G90: Routine | H90: P2S5 | I90: G&S
A91: 64 | B91: Evacuation of refuse dump | C91: District Wide | D91: 50000 | F91: =D91+E91 -> 50000 | G91: Routine | H91: P2S5 | I91: G&S
A92: 65 | B92: Fumigation & Sanitation Improvement Package | C92: Municipal Environmental Health Unit | D92: 320000 | E92: -200000 | F92: =D92+E92 -> 120000 | G92: Routine | H92: P2S5 | I92: G&S
A93: 66 | B93: Procurement of 1no. Communal Refuse Containers | D93: 20000 | F93: =D93+E93 -> 20000 | G93: New | H93: P2S5 | I93: G&S
A94: 67 | B94: Logistics for the fight against COVID-19 | D94: 60000 | F94: =D94+E94 -> 60000 | G94: Routine | H94: P2S5 | I94: G&S
A95: 68 | B95: Logistics for the implementation of CLTS programmes | C95: District Wide | D95: 40000 | F95: =D95+E95 -> 40000 | G95: Routine | H95: P2S5 | I95: G&S
B96: Sub-Total | D96: =SUM(D89:D95) -> 520000 | E96: =SUM(E89:E95) -> -200000 | F96: =SUM(F89:F95) -> 320000
A97: 69 | B97: Social Welfare/Com'ty Dev't | F97: =D97+E97 -> 0
A98: 70 | B98: Support to Persons With Disabilities | C98: District Wide | D98: 126176 | E98: 118605 | F98: =D98+E98 -> 244781 | G98: Routine | H98: P2S2 | I98: G&S
A99: 71 | B99: Logistics support to Social Welfare & Community Development Department | C99: Office of the Department | D99: 15000 | F99: =D99+E99 -> 15000 | G99: Routine | H99: P2S2 | I99: G&S
A100: 72 | B100: Gender Mainstreaming | C100: District Wide | D100: 34591.31 | F100: =D100+E100 -> 34591.31 | G100: Routine | H100: P2S2 | I100: G&S
...

Sheet DONOR
A1: 2022 DPAT/DDF / DACF-RFG BUDGET
A2: S/N | B2: ITEM DESCRIPTION | C2: LOCATION | D2: 2022 ESTIMATES (GH¢) | G2: REMARKS
A3: 1 | B3: Capacity Biulding Grant for various categories of staff and purchase of office equipment - DPAT II | C3: District wide | D3: 45859 | F3: =D3+E3 -> 45859 | G3: Routine | H3: P1S3 | I3: G&S
A4: 2 | B4: Construction of 1no. 3unit Teachers Quarters | C4: District wide | D4: 280000 | E4: -280000 | F4: =D4+E4 -> 0 | G4: NEW | H4: P2S1 | I4: CAPEX
A5: 3 | B5: Construction of 1No. Weighing Centre at Nsuapemkrom | C5: Nsuapemkrom | D5: 50000 | E5: -50000 | F5: =D5+E5 -> 0 | G5: NEW | H5: P2S2 | I5: CAPEX
A6: 4 | B6: Construction of 1No. Weighing Centre at Mamponteng | C6: Mamponteng | D6: 50000 | E6: -50000 | F6: =D6+E6 -> 0 | G6: NEW | H6: P2S2 | I6: CAPEX
A7: 5 | B7: Construction of 1No. Maternity Block at Mankranho | C7: Mankranho | D7: 350000 | E7: -350000 | F7: =D7+E7 -> 0 | G7: NEW | H7: P2S2 | I7: CAPEX
A8: 6 | B8: Drilling and Construction of 4no. Boreholes at Duayaw nkwanta, Mpensenbi, Nkwadwofobehu, Yaw Nyarko & Atudrobesa CHPS | C8: District wide | D8: 150000 | E8: -10018.04 | F8: =D8+E8 -> 139981.96 | G8: NEW | H8: P2S5 | I8: CAPEX
A9: 7 | B9: Construction of 1no. Slaughter Slab at Yamfo | C9: Yamfo | D9: 50000 | F9: =D9+E9 -> 50000 | G9: NEW | H9: P2S5 | I9: CAPEX
A10: 8 | B10: Construction of 1no. Zonal Council Office at Duayaw Nkwanta Zonal Council | C10: District wide | D10: 152419 | E10: -152419 | F10: =D10+E10 -> 0 | G10: NEW | H10: P1S5 | I10: CAPEX
A11: 9 | B11: Construction of 1no. Skip Pad at Duayaw Nkwanta | C11: District wide | D11: 50000 | F11: =D11+E11 -> 50000 | G11: NEW | H11: P2S5 | I11: CAPEX
B12: Sub-Total | D12: =SUM(D3:D11) -> 1178278 | E12: =SUM(E3:E11) -> -892437.04 | F12: =D12+E12 -> 285840.96
A13: 10 | B13: Construction of 1No. 3-Unit Classroom Block with Office, Store & Staff Room, 2 seater KVIP with Urinal and supply of 90 pieces of mono desk, 6no. Teachers Tables and chairs at Nsuapemkrom | C13: Nsuapemkrom | D13: 115843.74 | E13: -115843.74 | F13: =D13+E13 -> 0 | G13: Capex | H13: P2S1 | I13: CAPEX
A14: 11 | B14: Construction of 1No. 3-Unit Classroom Block with Office, Store & Staff Room, 2seater KVIP with Urinal and supply of 90pieces of mono desk, 6no. Teachers Tables and chairs at Adagyamim | C14: Adagyamim | D14: 130705.38 | E14: -130705.38 | F14: =D14+E14 -> 0 | G14: Capex | H14: P2S1
A15: 12 | B15: Construction of 1no. 2 Bedroom Semi-Detached Doctors' quarters at St. John of God Hospital - Duayaw Nkwanta | C15: Nkwanta | D15: 143475.12 | E15: -143475.12 | F15: =D15+E15 -> 0 | G15: Capex | H15: P2S1
A16: 13 | B16: Const. of 1No. Dometory Block at BOSTECH | C16: BOSTECH | D16: 167583.01 | E16: -167583.01 | F16: =D16+E16 -> 0 | G16: Capex | H16: P2S1
A17: 14 | B17: Construction of 1no. 2 Bedroom Semi-detached Teachers Quarters at Abuom | C17: Abuom | D17: 166643.2 | E17: -166643.2 | F17: =D17+E17 -> 0 | G17: Capex | H17: P2S1
B18: Procurement and Supply of 66No. LV Poles | C18: District wide | E18: 99736 | F18: =D18+E18 -> 99736 | G18: Capex | H18: P3S2
B19: Extension of Electricity to Duayaw Nkwanta Industrial Area | C19: Duayaw Nkwanta | E19: 195472 | F19: =D19+E19 -> 195472 | G19: Capex | H19: P3S2
B20: Procurement and Supply of 720 Dual Desks | C20: District wide | E20: 215996.4 | F20: =D20+E20 -> 215996.4 | G20: Capex | H20: P2S1
B21: Construction of Maternity Block at Mankranho | C21: Mankranho | F21: =D21+E21 -> 0 | G21: Capex | H21: P2S2
B22: Sub-Total | D22: =SUM(D13:D21) -> 724250.45 | E22: =SUM(E13:E21) -> -213046.05 | F22: =D22+E22 -> 511204.4
B23: TOTAL DACF-RFG | D23: =D22+D12 -> 1902528.4 | E23: =E22+E12 -> -1105483.1 | F23: =D23+E23 -> 797045.36 | G23: =F23-F3 -> 751186.36
B25: 2022 MAG BUDGET
A26: S/N | B26: ITEM DESCRIPTION | C26: LOCATION | D26: ESTIMATES (GH¢) | G26: REMARKS
A27: 1 | B27: Conduct Field Visits and Supervision Exercises | C27: District wide | D27: 8273.33 | F27: =D27+E27 -> 8273.33 | G27: Routine | H27: P4S2 | I27: G&S
A28: 2 | B28: Establish Demonstration Farms for AgricTech Dissermination purposes | C28: District wide | D28: 2800 | F28: =D28+E28 -> 2800 | G28: Routine | H28: P4S2 | I28: G&S
A29: 3 | B29: Organised Zonal/RELC/Technical Meetings | C29: District wide | D29: 9500 | F29: =D29+E29 -> 9500 | G29: Routine | H29: P4S2 | I29: G&S
A30: 4 | B30: Undertake various Sensitization/Awareness Creation/Training Programmes | C30: District wide | D30: 4850 | F30: =D30+E30 -> 4850 | G30: Routine | H30: P4S2 | I30: G&S
A31: 5 | B31: Maintenance/Running of Official Vehicless | C31: District wide | D31: 8000 | F31: =D31+E31 -> 8000 | G31: Routine | H31: P4S2 | I31: G&S
A32: 6 | B32: Logistics for Mun. Agric Dev't Unit Operations | C32: District wide | D32: 8000 | F32: =D32+E32 -> 8000 | G32: Routine | H32: P4S2 | I32: G&S
A33: 7 | B33: Activities geared towards the Implementation of the Gov't Flagship Projects/Programmes in Agric | C33: District wide | D33: 2900 | F33: =D33+E33 -> 2900 | G33: Routine | H33: P4S2 | I33: G&S
A34: 8 | B34: Support Veterinary Services in the Municipality | C34: District wide | D34: 1400 | F34: =D34+E34 -> 1400 | G34: Routine | H34: P4S2 | I34: G&S
A35: 9 | B35: Conduct Market Surveys in food prices among others | C35: District wide | D35: 700 | F35: =D35+E35 -> 700 | G35: Routine | H35: P4S2 | I35: G&S
A36: 10 | B36: Disease Control in Plants | C36: District wide | D36: 618 | F36: =D36+E36 -> 618 | G36: Routine | H36: P4S2 | I36: G&S
A37: 11 | B37: Acqua Culture | C37: District wide | D37: 500 | F37: =D37+E37 -> 500 | G37: Routine | H37: P4S2 | I37: G&S
B38: TOTAL MAG | D38: =SUM(D27:D37) -> 47541.33 | E38: =SUM(E27:E37) -> 0 | F38: =SUM(F27:F37) -> 47541.33
B40: UNICEF - Social Welfare and Community Development
A41: 12 | B41: Implementation of Child Labour Programmes | C41: District wide | D41: 5000 | F41: =D41+E41 -> 5000 | G41: Routine | H41: P2S3 | I41: G&S
A42: 13 | B42: Rescue children (victims) together with other concern institutions | C42: District Wide | D42: 3000 | F42: =D42+E42 -> 3000 | G42: Routine | H42: P2S3 | I42: G&S
A43: 14 | B43: Render Counselling Services to Children | C43: District Wide | D43: 6000 | F43: =D43+E43 -> 6000 | G43: Routine | H43: P2S3 | I43: G&S
A44: 15 | B44: Give Alternative Care to children without parental care | C44: District Wide | D44: 6000 | F44: =D44+E44 -> 6000 | G44: Routine | H44: P2S3 | I44: G&S
A45: 16 | B45: Administrative Support to the Dep't. of Social Welfre and Community Development | C45: District Wide | D45: 5000 | F45: =D45+E45 -> 5000 | G45: Routine | H45: P2S3 | I45: G&S
B46: Sub-Total | D46: =SUM(D41:D45) -> 25000 | E46: =SUM(E41:E45) -> 0 | F46: =SUM(F41:F45) -> 25000
B47: TOTAL DONOR | D47: =D46+D38+D23 -> 1975069.8 | E47: =E46+E38+E23 -> -1105483.1 | F47: =F46+F38+F23 -> 869586.69
B48: GRAND- TOTAL
A50: EXPENDITURE CLASSIFICATION | C50: INITIAL ESTIMATES
A51: 1 | B51: COMPENSATION | C51: 0
A52: 2 | B52: GOODS & SERVICE | C52: =F3+F27+F28+F29+F30+F31+F32+F33+F34+F35+F36+F37+F41+F42+F43+F44+F45 -> 118400.33
A53: 3 | B53: CAPEX | C53: =F4+F5+F6+F7+F8+F9+F10+F11++F14+F15+F16+F17+F18+F19+F20+F21 -> 751186.36
B54: TOTAL | C54: =C51+C52+C53 -> 869586.69
C57: INITIAL ESTIMATES | D57: INITIAL ESTIMATES | E57: INITIAL ESTIMATES | F57: TOTAL
C58: CFE | D58: G&S | E58: CAPEX
A59: p1s1 | B59: General Administration | C59: 0 | D59: 0 | E59: 0 | F59: =C59+D59+E59 -> 0
A60: p1s2 | B60: Finance and Audit | C60: 0 | D60: 0 | E60: 0 | F60: =C60+D60+E60 -> 0
A61: p1s3 | B61: Human Resource Management | C61: 0 | D61: =F3 -> 45859 | E61: 0 | F61: =C61+D61+E61 -> 45859
A62: p1s4 | B62: Planning, Budgeting, Coordination and Statistics | C62: 0 | D62: 0 | E62: 0 | F62: =C62+D62+E62 -> 0
A63: p1s5 | B63: Legislative Oversights | C63: 0 | D63: 0 | E63: =F10 -> 0 | F63: =C63+D63+E63 -> 0
C64: =C59+C60+C61+C62+C63 -> 0 | D64: =D59+D60+D61+D62+D63 -> 45859 | E64: =E59+E60+E61+E62+E63 -> 0 | F64: =F59+F60+F61+F62+F63 -> 45859
A65: p2s1 | B65: Education, Youth and Sports Services | C65: 0 | D65: 0 | E65: =F4+F13+F14+F15+F16+F17+F20 -> 215996.4 | F65: =C65+D65+E65 -> 215996.4
A66: p2s2 | B66: Public Health Services and Management | C66: 0 | D66: 0 | E66: =F5+F6+F7+F21 -> 0 | F66: =C66+D66+E66 -> 0
A67: p2s3 | B67: Social Welfare and Community Development | C67: 0 | D67: =F41+F42+F43+F44+F45 -> 25000 | E67: 0 | F67: =C67+D67+E67 -> 25000
A68: p2s4 | B68: Birth and Death Registration Services | C68: 0 | D68: 0 | E68: 0 | F68: =C68+D68+E68 -> 0
A69: p2s5 | B69: Environmental Health and Sanitation Services | C69: 0 | E69: =F8+F9+F11 -> 239981.96 | F69: =C69+D69+E69 -> 239981.96
C70: =C65+C66+C67+C68+C69 -> 0 | D70: =D65+D66+D67+D68+D69 -> 25000 | E70: =E65+E66+E67+E68+E69 -> 455978.36 | F70: =F65+F66+F67+F68+F69 -> 480978.36
A71: p3s1 | B71: Physical and Spatial Planning Development | C71: 0 | D71: 0 | E71: 0 | F71: =C71+D71+E71 -> 0
A72: p3s2 | B72: Public Works, Rural Housing and Water Management | C72: 0 | D72: 0 | E72: =F18+F19 -> 295208 | F72: =C72+D72+E72 -> 295208
A73: p3s3 | B73: Roads and Transport Services | C73: 0 | D73: 0 | E73: 0 | F73: =C73+D73+E73 -> 0
C74: =C71+C72+C73 -> 0 | D74: =D71+D72+D73 -> 0 | E74: =E71+E72+E73 -> 295208 | F74: =F71+F72+F73 -> 295208
A75: p4s1 | B75: Trade, Tourism and Industrial Development | C75: 0 | D75: 0 | E75: 0 | F75: =C75+D75+E75 -> 0
A76: p4s2 | B76: Agricultural Services and Management | C76: 0 | D76: =F27+F28+F29+F30+F31+F32+F33+F34+F35+F36+F37 -> 47541.33 | E76: 0 | F76: =C76+D76+E76 -> 47541.33
C77: =C75+C76 -> 0 | D77: =D75+D76 -> 47541.33 | E77: =E75+E76 -> 0 | F77: =F75+F76 -> 47541.33
A78: p5s1 | B78: Disaster Prevention and Management | C78: 0 | D78: 0 | E78: 0 | F78: =C78+D78+E78 -> 0
A79: p5s2 | B79: Natural Resource Conservation and Management | C79: 0 | D79: 0 | E79: 0 | F79: =C79+D79+E79 -> 0
C80: =C78+C79 -> 0 | D80: =D78+D79 -> 0 | E80: =E78+E79 -> 0 | F80: =F78+F79 -> 0
A81: Total | C81: =C80+C77+C74+C70+C64 -> 0 | D81: =D80+D77+D74+D70+D64 -> 118400.33 | E81: =E80+E77+E74+E70+E64 -> 751186.36 | F81: =F80+F77+F74+F70+F64 -> 869586.69
C82: =C51 -> 0 | D82: =C52 -> 118400.33 | E82: =C53 -> 751186.36 | F82: =C54 -> 869586.69
D83: =D82-D81 -> 0 | E83: =E82-E81 -> 0 | F83: =F82-F81 -> 0

Sheet SUMMARY
B1: EXPENDITURE CLASSIFICATION | C1: INITIAL ESTIMATES
A2: 1 | B2: COMPENSATION | C2: =DONOR!C51+DACF!C132+GOG!D71+GRC!C18+IGF!C96 -> 4290875.7
A3: 2 | B3: GOODS & SERVICE | C3: =DONOR!C52+DACF!C133+GOG!D72+GRC!C19+IGF!C97 -> 1028661.4
A4: 3 | B4: CAPEX | C4: =DONOR!C53+DACF!C134+GOG!D73+GRC!C20+IGF!C98 -> 1298478
B5: TOTAL | C5: =DONOR!C54+DACF!C135+GOG!D74+GRC!C21+IGF!C99 -> 6618015.2
C7: INITIAL ESTIMATES | D7: INITIAL ESTIMATES | E7: INITIAL ESTIMATES
C8: CFE | D8: G&S | E8: CAPEX
A9: p1s1 | B9: General Administration | C9: =DONOR!C59+DACF!C140+GOG!C78+GRC!C26+IGF!C103 -> 1065417.4 | D9: =DONOR!D59+DACF!D140+GOG!D78+GRC!D26+IGF!D103 -> 452099.07 | E9: =DONOR!E59+DACF!E140+GOG!E78+GRC!E26+IGF!E103 -> 0 | F9: =DONOR!F59+DACF!F140+GOG!F78+GRC!F26+IGF!F103 -> 1517516.5
A10: p1s2 | B10: Finance and Audit | C10: =DONOR!C60+DACF!C141+GOG!C79+GRC!C27+IGF!C104 -> 518308.44 | D10: =DONOR!D60+DACF!D141+GOG!D79+GRC!D27+IGF!D104 -> 73300 | E10: =DONOR!E60+DACF!E141+GOG!E79+GRC!E27+IGF!E104 -> 0 | F10: =DONOR!F60+DACF!F141+GOG!F79+GRC!F27+IGF!F104 -> 591608.44
A11: p1s3 | B11: Human Resource Management | C11: =DONOR!C61+DACF!C142+GOG!C80+GRC!C28+IGF!C105 -> 73611.48 | D11: =DONOR!D61+DACF!D142+GOG!D80+GRC!D28+IGF!D105 -> 64359 | E11: =DONOR!E61+DACF!E142+GOG!E80+GRC!E28+IGF!E105 -> 0 | F11: =DONOR!F61+DACF!F142+GOG!F80+GRC!F28+IGF!F105 -> 137970.48
A12: p1s4 | B12: Planning, Budgeting, Coordination and Statistics | C12: =DONOR!C62+DACF!C143+GOG!C81+GRC!C29+IGF!C106 -> 506413.2 | D12: =DONOR!D62+DACF!D143+GOG!D81+GRC!D29+IGF!D106 -> 45500 | E12: =DONOR!E62+DACF!E143+GOG!E81+GRC!E29+IGF!E106 -> 7000 | F12: =DONOR!F62+DACF!F143+GOG!F81+GRC!F29+IGF!F106 -> 558913.2
A13: p1s5 | B13: Legislative Oversights | C13: =DONOR!C63+DACF!C144+GOG!C82+GRC!C30+IGF!C107 -> 0 | D13: =DONOR!D63+DACF!D144+GOG!D82+GRC!D30+IGF!D107 -> 21164 | E13: =DONOR!E63+DACF!E144+GOG!E82+GRC!E30+IGF!E107 -> 0 | F13: =DONOR!F63+DACF!F144+GOG!F82+GRC!F30+IGF!F107 -> 21164
C14: =DONOR!C64+DACF!C145+GOG!C83+GRC!C31+IGF!C108 -> 2163750.5 | D14: =DONOR!D64+DACF!D145+GOG!D83+GRC!D31+IGF!D108 -> 656422.07 | E14: =DONOR!E64+DACF!E145+GOG!E83+GRC!E31+IGF!E108 -> 7000 | F14: =DONOR!F64+DACF!F145+GOG!F83+GRC!F31+IGF!F108 -> 2827172.6
A15: p2s1 | B15: Education, Youth and Sports Services | C15: =DONOR!C65+DACF!C146+GOG!C84+GRC!C32+IGF!C109 -> 0 | D15: =DONOR!D65+DACF!D146+GOG!D84+GRC!D32+IGF!D109 -> 0 | E15: =DONOR!E65+DACF!E146+GOG!E84+GRC!E32+IGF!E109 -> 509992.88 | F15: =DONOR!F65+DACF!F146+GOG!F84+GRC!F32+IGF!F109 -> 509992.88
A16: p2s2 | B16: Public Health Services and Management | C16: =DONOR!C66+DACF!C147+GOG!C85+GRC!C33+IGF!C110 -> 0 | D16: =DONOR!D66+DACF!D147+GOG!D85+GRC!D33+IGF!D110 -> 0 | E16: =DONOR!E66+DACF!E147+GOG!E85+GRC!E33+IGF!E110 -> 100000 | F16: =DONOR!F66+DACF!F147+GOG!F85+GRC!F33+IGF!F110 -> 100000
A17: p2s3 | B17: Social Welfare and Community Development | C17: =DONOR!C67+DACF!C148+GOG!C86+GRC!C34+IGF!C111 -> 213335.88 | D17: =DONOR!D67+DACF!D148+GOG!D86+GRC!D34+IGF!D111 -> 42392 | E17: =DONOR!E67+DACF!E148+GOG!E86+GRC!E34+IGF!E111 -> 0 | F17: =DONOR!F67+DACF!F148+GOG!F86+GRC!F34+IGF!F111 -> 255727.88
A18: p2s4 | B18: Birth and Death Registration Services | C18: =DONOR!C68+DACF!C149+GOG!C87+GRC!C35+IGF!C112 -> 0 | D18: =DONOR!D68+DACF!D149+GOG!D87+GRC!D35+IGF!D112 -> 0 | E18: =DONOR!E68+DACF!E149+GOG!E87+GRC!E35+IGF!E112 -> 0 | F18: =DONOR!F68+DACF!F149+GOG!F87+GRC!F35+IGF!F112 -> 0
A19: p2s5 | B19: Environmental Health and Sanitation Services | C19: =DONOR!C69+DACF!C150+GOG!C88+GRC!C36+IGF!C113 -> 768329.52 | D19: =DONOR!D69+DACF!D150+GOG!D88+GRC!D36+IGF!D113 -> 10000 | E19: =DONOR!E69+DACF!E150+GOG!E88+GRC!E36+IGF!E113 -> 239981.96 | F19: =DONOR!F69+DACF!F150+GOG!F88+GRC!F36+IGF!F113 -> 1018311.5
C20: =DONOR!C70+DACF!C151+GOG!C89+GRC!C37+IGF!C114 -> 981665.4 | D20: =DONOR!D70+DACF!D151+GOG!D89+GRC!D37+IGF!D114 -> 52392 | E20: =DONOR!E70+DACF!E151+GOG!E89+GRC!E37+IGF!E114 -> 849974.84 | F20: =DONOR!F70+DACF!F151+GOG!F89+GRC!F37+IGF!F114 -> 1884032.2
A21: p3s1 | B21: Physical and Spatial Planning Development | C21: =DONOR!C71+DACF!C152+GOG!C90+GRC!C38+IGF!C115 -> 71159.28 | D21: =DONOR!D71+DACF!D152+GOG!D90+GRC!D38+IGF!D115 -> 13282 | E21: =DONOR!E71+DACF!E152+GOG!E90+GRC!E38+IGF!E115 -> 0 | F21: =DONOR!F71+DACF!F152+GOG!F90+GRC!F38+IGF!F115 -> 84441.28
A22: p3s2 | B22: Public Works, Rural Housing and Water Management | C22: =DONOR!C72+DACF!C153+GOG!C91+GRC!C39+IGF!C116 -> 566954.4 | D22: =DONOR!D72+DACF!D153+GOG!D91+GRC!D39+IGF!D116 -> 0 | E22: =DONOR!E72+DACF!E153+GOG!E91+GRC!E39+IGF!E116 -> 295208 | F22: =DONOR!F72+DACF!F153+GOG!F91+GRC!F39+IGF!F116 -> 862162.4
A23: p3s3 | B23: Roads and Transport Services | C23: =DONOR!C73+DACF!C154+GOG!C92+GRC!C40+IGF!C117 -> 33415.38 | D23: =DONOR!D73+DACF!D154+GOG!D92+GRC!D40+IGF!D117 -> 17922 | E23: =DONOR!E73+DACF!E154+GOG!E92+GRC!E40+IGF!E117 -> 0 | F23: =DONOR!F73+DACF!F154+GOG!F92+GRC!F40+IGF!F117 -> 51337.38
C24: =DONOR!C74+DACF!C155+GOG!C93+GRC!C41+IGF!C118 -> 671529.06 | D24: =DONOR!D74+DACF!D155+GOG!D93+GRC!D41+IGF!D118 -> 31204 | E24: =DONOR!E74+DACF!E155+GOG!E93+GRC!E41+IGF!E118 -> 295208 | F24: =DONOR!F74+DACF!F155+GOG!F93+GRC!F41+IGF!F118 -> 997941.06
A25: p4s1 | B25: Trade, Tourism and Industrial Development | C25: =DONOR!C75+DACF!C156+GOG!C94+GRC!C42+IGF!C119 -> 0 | D25: =DONOR!D75+DACF!D156+GOG!D94+GRC!D42+IGF!D119 -> 0 | E25: =DONOR!E75+DACF!E156+GOG!E94+GRC!E42+IGF!E119 -> 0 | F25: =DONOR!F75+DACF!F156+GOG!F94+GRC!F42+IGF!F119 -> 0
A26: p4s2 | B26: Agricultural Services and Management | C26: =DONOR!C76+DACF!C157+GOG!C95+GRC!C43+IGF!C120 -> 473937.6 | D26: =DONOR!D76+DACF!D157+GOG!D95+GRC!D43+IGF!D120 -> 78043.33 | E26: =DONOR!E76+DACF!E157+GOG!E95+GRC!E43+IGF!E120 -> 0 | F26: =DONOR!F76+DACF!F157+GOG!F95+GRC!F43+IGF!F120 -> 551980.93
C27: =DONOR!C77+DACF!C158+GOG!C96+GRC!C44+IGF!C121 -> 473937.6 | D27: =DONOR!D77+DACF!D158+GOG!D96+GRC!D44+IGF!D121 -> 78043.33 | E27: =DONOR!E77+DACF!E158+GOG!E96+GRC!E44+IGF!E121 -> 0 | F27: =DONOR!F77+DACF!F158+GOG!F96+GRC!F44+IGF!F121 -> 551980.93
A28: p5s1 | B28: Disaster Prevention and Management | C28: =DONOR!C78+DACF!C159+GOG!C97+GRC!C45+IGF!C122 -> 0 | D28: =DONOR!D78+DACF!D159+GOG!D97+GRC!D45+IGF!D122 -> 0 | E28: =DONOR!E78+DACF!E159+GOG!E97+GRC!E45+IGF!E122 -> 0 | F28: =DONOR!F78+DACF!F159+GOG!F97+GRC!F45+IGF!F122 -> 0
A29: p5s2 | B29: Natural Resource Conservation and Management | C29: =DONOR!C79+DACF!C160+GOG!C98+GRC!C46+IGF!C123 -> 0 | D29: =DONOR!D79+DACF!D160+GOG!D98+GRC!D46+IGF!D123 -> 0 | E29: =DONOR!E79+DACF!E160+GOG!E98+GRC!E46+IGF!E123 -> 0 | F29: =DONOR!F79+DACF!F160+GOG!F98+GRC!F46+IGF!F123 -> 0
C30: =DONOR!C80+DACF!C161+GOG!C99+GRC!C47+IGF!C124 -> 0 | D30: =DONOR!D80+DACF!D161+GOG!D99+GRC!D47+IGF!D124 -> 0 | E30: =DONOR!E80+DACF!E161+GOG!E99+GRC!E47+IGF!E124 -> 0 | F30: =DONOR!F80+DACF!F161+GOG!F99+GRC!F47+IGF!F124 -> 0
A31: Total | C31: =DONOR!C81+DACF!C162+GOG!C100+GRC!C48+IGF!C125 -> 4290882.6 | D31: =DONOR!D81+DACF!D162+GOG!D100+GRC!D48+IGF!D125 -> 818061.4 | E31: =DONOR!E81+DACF!E162+GOG!E100+GRC!E48+IGF!E125 -> 1152182.8 | F31: =DONOR!F81+DACF!F162+GOG!F100+GRC!F48+IGF!F125 -> 6261126.8
F32: =F33-F31 -> 6364835.9
C33: 12209878 | F33: 12625963
